 Dungeon Crawl Stone Soup version 0.32-a0-468-g38b2580 (webtiles) character file.

Game seed: 6964100295295087141

14558790 Mumonspawn the Cogmind (level 27, 247/247 HPs)
             Began as a Coglin Conjurer on Feb 24, 2024.
             Was the Champion of Vehumet.
             Escaped with the Orb
             ... and 15 runes
             ... and 1 gem!
             The game lasted 04:38:24 (111196 turns).

Mumonspawn the Cogmind (Coglin Conjurer)          Turns: 111196, Time: 04:38:25

Health: 247/247    AC: 25    Str: 20    XL:     27
Magic:  72/72      EV: 23    Int: 42    God:    Vehumet [******]
Gold:   13181      SH:  0    Dex: 16    Spells: 0/80 levels left

rFire   + + .        m - staff of Peace {^Fragile rC+ Str+2 Int+8 Summ Ice}
rCold   + + +        o - staff "Murmur" {rElec rF+ rN+ MP+9 Stlth+ Fire}
rNeg    + . .        n - +3 scale mail of Perfidy {rC+ Regen+ MP+9}
rPois   .            f - +3 crown of Dyrovepreva {rElec Int+2 SInv}
rElec   +            G - +1 cloak of Starlight {*Dazzle EV+4 Stlth--}
rCorr   .            J - +2 pair of gloves {Dex+3}
SInv    +            P - +0 pair of boots "Rosem" {+Blink Str+4}
Will    ++++.        Y - amulet of magic regeneration Stlth
                     r - ring "Peresma" {*Slow Will++ Str+6 Int+3, 절대반지}
HPRegen 2.21/turn    (ring unavailable)
MPRegen 0.83/turn

%: slow self (1%)
@: studying 3 skills
A: cold resistance 1, fire resistance 1, off-hand wielding, slow wielding,
warmup strikes, no rings, iridescent scales 1, clumsy 1, regeneration 1, subdued
magic 1, inability to read after injury 1
0: Orb of Zot
}: 15/15 runes: barnacled, slimy, silver, golden, iron, obsidian, icy, bone,
abyssal, demonic, glowing, magical, fiery, dark, gossamer
a: Renounce Religion, Evoke Blink


You escaped.
You worshipped Vehumet.
Vehumet was exalted by your worship.
You visited 18 branches of the dungeon, and saw 88 of its levels.
You visited Pandemonium 1 time, and saw 20 of its levels.
You visited the Abyss 2 times.
You completed 2 ziggurats, and saw 54 of their levels.
You also visited: Sewer, Bailey, Gauntlet, Volcano and Desolation.

You collected 17774 gold pieces.
You spent 4593 gold pieces at shops.

Inventory:

Hand Weapons
 X - the +6 Majin-Bo {spellvamp, MP+6 Int+6}
   (You found it on level 24 of a ziggurat)

   Int+6:     It affects your intelligence (+6).
   MP+6:      It affects your magic capacity (+6).
Missiles
 c - 16 curare-tipped darts (quivered) {!f}
 z - 9 throwing nets {!f}
 A - 57 silver javelins
 I - 7 darts of dispersal
Armour
 f - the +3 crown of Dyrovepreva (worn) {rElec Int+2 SInv}
   (You found it on level 16 of a ziggurat)

   Int+2:     It affects your intelligence (+2).
   rElec:     It insulates you from electricity.
   SInv:      It lets you see invisible.
 n - the +3 scale mail of Perfidy (worn) {rC+ Regen+ MP+9}
   (You found it on level 25 of a ziggurat)

   rC+:       It protects you from cold.
   MP+9:      It affects your magic capacity (+9).
   Regen+:    It increases your rate of health regeneration.
 G - the +1 cloak of Starlight (worn) {*Dazzle EV+4 Stlth--}
   (You bought it in a shop on level 2 of the Orcish Mines)

   *Dazzle:   It may blind those who miss an attack against the wearer in melee
   combat.
   EV+4:      It affects your evasion (+4).
   Stlth--:   It makes you much less stealthy.
 J - a +2 pair of gloves of dexterity (worn)
 O - a +2 pair of boots of flying
 P - the +0 pair of boots "Rosem" (worn) {+Blink Str+4}
   (You found it on level 5 of the Pits of Slime)

   Str+4:     It affects your strength (+4).
   +Blink:    It lets you blink.
Magical Staves
 m - the staff of Peace (weapon) {^Fragile rC+ Str+2 Int+8 Summ Ice}
   (You took it off a deep elf zephyrmancer on level 1 of the Elven Halls)

   [staff of cold]

   Base accuracy: +5 Base damage: 5 Base attack delay: 1.2 This weapon's minimum
   attack delay (0.6) is reached at skill level 12.
   Str+2:     It affects your strength (+2).
   Int+8:     It affects your intelligence (+8).
   rC+:       It protects you from cold.
   ^Fragile:  It will be destroyed if unequipped.
   Summ:      It increases the power of your Summonings spells.
   Ice:       It increases the power of your Ice spells.
   It falls into the 'Staves' category.
   It is a one-graspered weapon.
 o - the staff "Murmur" (offhand) {rElec rF+ rN+ MP+9 Stlth+ Fire}
   (You found it on level 12 of a ziggurat)

   [staff of fire]

   Base accuracy: +5 Base damage: 5 Base attack delay: 1.2 This weapon's minimum
   attack delay (0.6) is reached at skill level 12.
   rF+:       It protects you from fire.
   rElec:     It insulates you from electricity.
   rN+:       It protects you from negative energy.
   MP+9:      It affects your magic capacity (+9).
   Stlth+:    It makes you more stealthy.
   Fire:      It increases the power of your Fire spells.
   It falls into the 'Staves' category.
   It is a one-graspered weapon.
Jewellery
 r - the ring "Peresma" (left grasper) {*Slow Will++ Str+6 Int+3, 절대반지}
   (You found it on level 2 of the Dungeon)

   [ring of strength]

   Str+6:     It affects your strength (+6).
   Int+3:     It affects your intelligence (+3).
   Will++:    It greatly increases your willpower.
   *Slow:     It may slow you when you take damage.
 Y - an amulet of magic regeneration (around neck)
Talismans
 j - a talisman of death
Wands
 d - a wand of mindburst (133)
 e - a wand of paralysis (168)
 g - a wand of iceblast (142)
 t - a wand of light (114)
 D - a wand of digging (100)
 H - a wand of polymorph (67)
Scrolls
 a - 30 scrolls of enchant armour
 q - a scroll of amnesia
 w - 12 scrolls of vulnerability
 y - 39 scrolls of fog {!r}
 B - 6 scrolls of summoning {!r}
 R - 6 scrolls of fear {!r}
 S - 16 scrolls of immolation
 T - 35 scrolls of teleportation {!r}
 U - 7 scrolls of revelation {!r}
 W - 6 scrolls of blinking
Potions
 b - 5 potions of magic {!q}
 h - 13 potions of haste {!q}
 i - 10 potions of invisibility {!q}
 k - 13 potions of cancellation {!q}
 l - 15 potions of lignification {!q}
 s - 16 potions of heal wounds {!q}
 u - 13 potions of enlightenment {!q!q}
 v - 10 potions of ambrosia {!q}
 E - 41 potions of mutation
 L - 9 potions of brilliance {!q}
 M - 3 potions of resistance {!q}
 N - 14 potions of attraction
 Q - 30 potions of curing {!q}
Miscellaneous
 x - a phantom mirror
 C - a phial of floods
 F - a tin of tremorstones (2/2)
 K - the horn of Geryon
 V - a lightning rod (4/4)
 Z - a box of beasts


   Skills:
 + Level 26.6 Fighting
 + Level 10.4 Staves
 + Level 13.9 Throwing
 - Level 13.4 Armour
 - Level 17.0 Dodging
 - Level 2.0 Stealth
 O Level 27 Spellcasting
 O Level 27 Conjurations
 - Level 6.0 Hexes
 - Level 15.0 Necromancy
 - Level 12.0 Translocations
 O Level 27 Fire Magic
 - Level 25.1 Ice Magic
 O Level 27 Air Magic
 - Level 25.1 Earth Magic
 - Level 2.0 Alchemy
 - Level 18.8 Evocations
 - Level 25.4 Shapeshifting


You couldn't memorise any spells.
You knew the following spells:

 Your Spells              Type           Power      Damage    Failure   Level
a - Passage of Golubria   Tloc           88%        N/A       1%          4
b - Yara's Violent Unrav  Hex/Alch       31%        3d13      1%          5
c - Lehudib's Crystal Sp  Conj/Erth      59%        10d14     1%          8
d - Passwall              Erth           100%       N/A       0%          3
f - Fire Storm            Conj/Fire      72%        8d18      1%          9
n - Apportation           Tloc           100%       N/A       0%          1
s - Blink                 Tloc           100%       N/A       0%          2
v - Orb of Destruction    Conj           60%        9d15      0%          7
x - Sticky Flame          Fire/Alch      100%       2d15      0%          4
z - Chain Lightning       Conj/Air       60%        3d80      1%          9
I - Shatter               Erth           58%        3d44*     1%          9
O - Ignition              Fire           72%        3d19      1%          8
P - Sublimation of Blood  Necr           96%        N/A       0%          2
U - Polar Vortex          Ice            71%        12d9*     1%          9

Your spell library contained the following spells:

 Spells                   Type           Power      Damage    Failure   Level
 Foxfire                  Conj/Fire      100%       2x1d9     0%          1
 Freeze                   Ice            100%       1d10      0%          1
 Kiss of Death            Conj/Necr      100%       2d13      0%          1
 Magic Dart               Conj           100%       1d8       0%          1
 Necrotise                Necr           100%       1d9       0%          1
 Sandblast                Erth           100%       2d20      0%          1
 Shock                    Conj/Air       100%       1d9       0%          1
 Sting                    Conj/Alch      100%       1d9       0%          1
 Cigotuvi's Dreadful Rot  Necr/Alch/Air  100%       N/A       0%          2
 Ensorcelled Hibernation  Hex/Ice        100%       N/A       0%          2
 Lesser Beckoning         Tloc           100%       N/A       0%          2
 Mercury Vapours          Alch/Air       100%       N/A       0%          2
 Momentum Strike          Conj/Tloc      100%       3d10      0%          2
 Scorch                   Fire           100%       2d9       0%          2
 Searing Ray              Conj           100%       2d8       0%          2
 Static Discharge         Conj/Air       100%       3-8/arc   0%          2
 Dazzling Flash           Conj/Hex       100%       N/A       0%          3
 Frozen Ramparts          Ice            100%       1d16      0%          3
 Fugue of the Fallen      Necr           96%        N/A       0%          3
 Gell's Gravitas          Tloc           88%        N/A       0%          3
 Hailstorm                Conj/Ice       100%       3d16      0%          3
 Inner Flame              Hex/Fire       100%       N/A       0%          3
 Mephitic Cloud           Conj/Alch/Air  100%       N/A       0%          3
 Ozocubu's Armour         Ice            100%       N/A       0%          3
 Stone Arrow              Conj/Erth      100%       3d13      0%          3
 Summon Ice Beast         Ice/Summ       100%       N/A       0%          3
 Swiftness                Air            100%       N/A       0%          3
 Teleport Other           Tloc           88%        N/A       0%          3
 Vampiric Draining        Necr           96%        2d12      0%          3
 Volatile Blastmotes      Fire/Tloc      100%       2d18      0%          3
 Airstrike                Air            60%        2d(9-25)  0%          4
 Animate Armour           Summ/Erth      100%       N/A       0%          4
 Animate Dead             Necr           96%        N/A       0%          4
 Brom's Barrelling Bould  Conj/Erth      100%       2d11      0%          4
 Dispel Undead            Necr           96%        3d30      0%          4
 Flame Wave               Conj/Fire      100%       2d21      0%          4
 Fulminant Prism          Conj/Alch      47%        3d21      0%          4
 Ignite Poison            Fire/Alch      100%       N/A       0%          4
 Iskenderun's Mystic Bla  Conj/Tloc      100%       2d19      0%          4
 Leda's Liquefaction      Alch/Erth      46%        N/A       0%          4
 Petrify                  Alch/Erth      92%        N/A       0%          4
 Summon Blazeheart Golem  Fire/Summ      100%       N/A       0%          4
 Summon Lightning Spire   Summ/Air       100%       N/A       0%          4
 Vhi's Electric Charge    Tloc/Air       100%       N/A       0%          4
 Arcjolt                  Conj/Air       60%        1d70      0%          5
 Borgnjor's Vile Clutch   Necr/Erth      53%        N/A       0%          5
 Curse of Agony           Necr           96%        N/A       0%          5
 Fireball                 Conj/Fire      72%        3d27      0%          5
 Freezing Cloud           Conj/Ice/Air   72%        6-21      0%          5
 Irradiate                Conj/Alch      47%        3d27      0%          5
 Iskenderun's Battlesphe  Conj           100%       2d15      0%          5
 Lee's Rapid Deconstruct  Erth           58%        3d27*     0%          5
 Metabolic Englaciation   Hex/Ice        60%        N/A       0%          5
 Silence                  Hex/Air        50%        N/A       0%          5
 Bombard                  Conj/Erth      59%        9d10      0%          6
 Conjure Ball Lightning   Conj/Air       60%        3x3d22    0%          6
 Plasma Beam              Fire/Air       72%        2x1d89    0%          6
 Starburst                Conj/Fire      72%        6d19      0%          6
 Ozocubu's Refrigeration  Ice            71%        4d23      0%          7
 Slow                     Hex            100%       N/A       1%          1
 Summon Small Mammal      Summ           100%       N/A       1%          1
 Call Imp                 Summ           100%       N/A       1%          2
 Jinxbite                 Hex            100%       N/A       1%          2
 Call Canine Familiar     Summ           60%        N/A       1%          3
 Confusing Touch          Hex            70%        N/A       1%          3
 Sigil of Binding         Hex            70%        N/A       1%          3
 Tukima's Dance           Hex            70%        N/A       1%          3
 Anguish                  Hex/Necr       42%        N/A       1%          4
 Cause Fear               Hex            35%        N/A       1%          4
 Dimensional Bullseye     Hex/Tloc       40%        N/A       1%          4
 Manifold Assault         Tloc           88%        N/A       1%          4
 Martyr's Knell           Necr/Summ      95%        N/A       1%          4
 Olgreb's Toxic Radiance  Alch           54%        N/A       1%          4
 Summon Forest            Summ/Tloc      44%        N/A       1%          5
 Death Channel            Necr           48%        N/A       1%          6
 Dispersal                Tloc           44%        N/A       1%          6
 Sculpt Simulacrum        Ice/Alch       57%        N/A       1%          6
 Spellforged Servitor     Conj/Summ      57%        N/A       1%          7
 Maxwell's Capacitive Co  Air            60%        ∞         1%          8
 Summon Mana Viper        Hex/Summ       76%        N/A       3%          5
 Alistair's Intoxication  Alch           36%        N/A       5%          5
 Borgnjor's Revivificati  Necr           48%        N/A       7%          8
 Infestation              Necr           48%        N/A       7%          8
 Eringya's Noxious Bog    Alch           27%        4d6       9%          6
 Haunt                    Necr/Summ      47%        N/A       19%         7
 Disjunction              Tloc           44%        N/A       24%         8
 Enfeeble                 Hex            35%        N/A       34%         7
 Malign Gateway           Summ/Tloc      44%        N/A       34%         7
 Summon Cactus Giant      Summ           30%        N/A       61%         6
 Death's Door             Necr           48%        N/A       73%         9
 Discord                  Hex            35%        N/A       96%         8
 Monstrous Menagerie      Summ           30%        N/A       99%         7
 Summon Hydra             Summ           30%        N/A       99%         7
 Summon Horrible Things   Summ           30%        N/A       100%        8
 Dragon's Call            Summ           30%        N/A       100%        9


Dungeon Overview and Level Annotations

Branches:
Dungeon (15/15)            Temple (1/1) D:7            Lair (5/5) D:8
 Shoals (4/4) Lair:2       Spider (4/4) Lair:3        Slime (5/5) Lair:5
    Orc (2/2) D:10            Elf (3/3) Orc:2        Vaults (5/5) D:13
  Crypt (3/3) Vaults:2       Tomb (3/3) Crypt:3      Depths (4/4) D:15
   Hell (visited)             Dis (7/7) Hell            Geh (7/7) Hell
    Coc (7/7) Hell            Tar (7/7) Hell            Zot (5/5) Depths:4
  Sewer (visited)          Bailey (visited)         Volcano (visited)
Desolation (visited)      Gauntlet (visited)

Altars:
Ashenzari
Cheibriados
Dithmenos
Elyvilon
Fedhas
Gozag
Hepliaklqana
Kikubaaqudgha
Makhleb
Nemelex Xobeh
Okawaru
Qazlal
Ru
Sif Muna
Trog
Uskayaw
Vehumet
Wu Jian
Xom
Yredelemnul
Zin
The Shining One
Jiyva

Shops:
D:9 [   Orc:2 [((:(   Elf:1 =   Elf:2 *   Elf:3 *!   Vaults:1 (   Vaults:2 !
Vaults:3 (   Depths:3 (   Depths:4 *(*?[

Portals:
Hell: Depths:1 Depths:2 Depths:3 Depths:4
Abyss: Depths:2 Depths:3
Pandemonium: Depths:2
Ziggurat: Tar:4*

Annotations:
D:9 2 exclusions
Lair:3 12 exclusions
Lair:4 1 exclusion
Vaults:3 12 exclusions
Dis:3 22 runed translucent doors
Dis:5 36 runed translucent doors
Dis:7 Dispater
Zot:4 1 transporter


Innate Abilities, Weirdness & Mutations

Your flesh is cold resistant. (rC+)
Your flesh is heat resistant. (rF+)
You can wield a second weapon in your off-hand.
It takes a long time for you to wield or remove held weapons.
Your first few attacks do less damage.
Your grasper-arms cannot wear rings.
You are partially covered in iridescent scales. (AC +2)
You are clumsy. (Dex -2)
Your natural rate of healing is unusually fast.
Your spells are a little easier to cast, but a little less powerful.
You occasionally lose the ability to read scrolls when taking damage.


Message History

You kill the sixfirhy!
Vehumet accepts your kill. The bolt of lightning hits you. You resist.
Unknown command. @5 4 의 대미지, 남은 HP5 = 243/247 hp.
Casting: Chain Lightning (mildly dangerous; 1% risk of failure)
Confirm with . or Enter, or press ? or * to list all spells.
You can't see any susceptible monsters within range! (Use Z to cast anyway.)
There is a stone staircase leading up here.
You climb upwards.
There is a stone staircase leading down here.
What level of the Dungeon? (default 1, ? - help) Magic restored.
There is a stone staircase leading up here.
You climb upwards.
There is a stone staircase leading down here.
Aiming: Dig
Press: ? - help, Shift-Dir - straight line A rock wall.
This square is covered in magical glow.
The rock shatters into small pieces.
Blink to where?
Press: ? - help, Dir - move target
As you read the scroll of blinking, it crumbles to dust.
Blink to where?
Press: ? - help, Dir - move target
As you read the scroll of blinking, it crumbles to dust.
Okay, then.
Casting: Chain Lightning (mildly dangerous; 1% risk of failure)
Confirm with . or Enter, or press ? or * to list all spells.
Aiming: Passwall (safe; 0% risk of failure)
Press: ? - help, Dir - move target A rock wall.
This square is covered in magical glow.
You begin to meditate on the wall.
You continue meditating on the rock. x2
Magic restored.
You finish merging with the rock.
There is a staircase leading out of the dungeon here.
You can't go down here!
You have escaped!

..............................)..
...........##...#....##...(......
...........##........##..........
.................................
...........##.........#..........
.###....###########...#........).
.# #....#♣....'...#..###.........
.# ####.##'####...#.....#.....#..
.# #.#♣.♣♣♣#.@.#...#....###...
.######.#♣♣..♣#...#..............
.......†# ♣♣♣.#...#...#.......##.
.######.#####'#####...........###
.##...#.#.........#.##........# #
.##...#.#.........#.##.###.#### #
.##.....#.........#....# #.#
.##.....#≈.......~#..### #.#
.##...#.#§.≈...~.~#..# #.#


There were no monsters in sight!

Vanquished Creatures
  Cerebov (Pan)
  Asmodeus (Geh:7)
  the Royal Jelly (Slime:5)
  Ereshkigal (Tar:7)
  Gloorx Vloq (Pan)
  Mnoleg (Pan)
  the Serpent of Hell (Geh:7)
  Lom Lobon (Pan)
  A seraph (Depths:4)
  21 dread liches
  6 orbs of fire (Zot:5)
  13 juggernauts
  27 ancient liches
  Mennas (Depths:3)
  Mara (Shoals:3)
  11 pandemonium lords
  17 shard shrikes
  57 royal mummies
  Bai Suzhen (Spider:4)
  6 Killer Klowns
  Margery (Crypt:2)
  5 curse toes
  54 caustic shrikes
  8 golden dragons
  Geryon (Hell)
  Jory (Depths:4)
  11 profane servitors
  Nikola (Shoals:3)
  22 bone dragons
  7 pearl dragons
  8 doom hounds
  19 Brimstone Fiends
  Arachne (Spider:3)
  16 electric golems
  13 Tzitzimimeh
  18 iron giants
  22 tentacled monstrosities
  2 spectral shard shrikes
  Jorgrun (D:14)
  42 Hell Sentinels
  22 Ice Fiends
  30 titans
  14 hellephants
  11 tainted leviathans
  17 Orb Guardians
  Rupert (Lair:4)
  Grunn (Crypt:1)
  14 quicksilver dragons
  3 walking frostbound tomes
  Asterion (Spider:4)
  21 liches
  17 searing wretches
  2 krakens
  18 sphinxes
  A quicksilver dragon (shapeshifter) (Zig:5)
  17 deep elf blademasters (Zig:26)
  23 deep elf master archers
  19 Executioners
  53 acid blobs
  11 tengu reavers
  53 ancient champions
  4 death cobs
  Frances (D:14)
  Kirke (Lair:3)
  22 storm dragons
  18 tentacled starspawn
  13 shadow dragons
  16 revenants
  Agnes (Spider:3)
  Aizul (Spider:1)
  17 narguns
  13 daevas
  24 azure jellies
  18 demonspawn warmongers
  14 rockslimes
  64 nagarajas
  18 draconian monks
  35 fire giants
  3 imperial myrmidons (Desolation)
  6 fenstrider witches
  27 quicksilver elementals
  25 vault wardens
  10 protean progenitors
  16 ghost moths
  16 draconian shifters
  11 draconian knights
  10 deep elf sorcerers
  29 draconian scorchers
  18 frost giants
  6 shard shrike simulacra
  6 deep elf elementalists
  19 angels
  6 emperor scorpions
  2 spectral caustic shrikes
  19 orc warlords
  13 iron dragons
  44 balrugs
  3 caustic shrike zombies
  24 cacodemons
  23 ironbound preservers
  2 spriggan defenders (Depths:2)
  2 spectral juggernauts (Tar:4)
  2 juggernaut zombies (Zig:21)
  4 broodmothers
  16 draconian stormcallers
  47 reapers
  11 ghouls
  18 quicksilver oozes
  31 very ugly things
  6 ophanim
  29 curse skulls
  36 stone giants
  2 stone giants (shapeshifter) (Zig:3)
  7 caustic shrike skeletons
  21 draconian annihilators
  14 demonspawn corrupters
  10 formless jellyfish
  13 lorocyprocas
  10 ironbound thunderhulks
  10 demonspawn blood saints (Pan)
  2 eleionomae (Zig:12)
  9 green draconians
  10 apis
  11 juggernaut skeletons
  18 deep elf death magi
  8 putrid mouths
  25 deep elf demonologists
  7 black draconians
  12 white draconians
  14 yellow draconians
  18 spark wasps
  37 deep elf annihilators
  A minotaur (Gauntlet)
  20 elemental wellsprings
  29 vampire knights
  7 purple draconians
  A spectral titan (Tar:6)
  A bunyip (Zig:12)
  27 wendigos
  9 demonspawn black suns
  34 dire elephants
  7 red draconians
  20 bennus
  40 war gargoyles
  17 green deaths
  An acid blob zombie (Crypt:1)
  12 crystal guardians
  8 fire dragons
  48 iron golems
  16 blizzard demons
  A spectral kraken (Zig:25)
  Snorg (Orc:2)
  21 ettins
  15 eidola
  27 merfolk javelineers
  6 jiangshi
  52 mummy priests
  A quicksilver dragon zombie (Crypt:2)
  10 ragged hierophants (Desolation)
  2 spriggan zombies
  Josephine (Lair:3)
  20 deep elf high priests
  23 merfolk impalers
  5 shambling mangroves (Zig:12)
  An entropy weaver (shapeshifter) (D:13)
  15 hydras
  19 yaktaur captains
  33 vault guards
  3 spectral spriggans
  12 ice dragons
  A kraken zombie (Hell)
  16 entropy weavers
  8 merfolk avatars
  8 rakshasas
  21 caustic shrike simulacra
  68 salamander tyrants
  5 centaur warriors
  17 great orbs of eyes
  12 catoblepae
  5 juggernaut simulacra
  14 peacekeepers
  An anaconda (shapeshifter) (Zig:16)
  7 ogre magi
  2 alligators (Zig:12)
  7 servants of whispers (Desolation)
  2 jorogumos
  5 alligator snapping turtles
  4 ghost crabs (Zig:12)
  A hell beast (Hell)
  5 spriggan skeletons
  13 anacondas
  8 ironbound frosthearts
  An Orb Guardian zombie (Crypt:3)
  18 spriggan air magi
  33 merfolk aquamancers
  13 stokers
  7 radroaches
  19 boulder beetles
  39 dancing weapons
  A two-headed ogre (shapeshifter) (Vaults:2)
  9 two-headed ogres
  9 satyrs
  A fenstrider witch skeleton (Tomb:1)
  A spectral stone giant (Tar:4)
  71 death scarabs
  4 tengu warriors
  26 hell hogs
  4 death yaks
  7 spriggan berserkers
  4 death knights
  19 vampire magi
  11 demonic crawlers
  4 deep troll shamans
  18 thrashing horrors
  17 orc high priests
  3 occultists (Zig:20)
  2 spectral dire elephants
  27 shock serpents
  A titan zombie (Zig:21)
  A shock serpent (shapeshifter) (Zig:6)
  Nergalle (Lair:1)
  15 naga warriors
  11 deep troll earth magi
  Sonja (Orc:2)
  17 naga sharpshooters
  12 hell knights
  4 spriggans (Depths:4)
  65 sun demons
  A spectral death yak (Lair:5)
  A storm dragon zombie (Zig:18)
  5 hellephant skeletons (Pan)
  20 skysharks
  20 crystal echidnas
  4 titan skeletons
  31 soul eaters
  Urug (D:10)
  20 deep elf knights
  3 storm dragon skeletons
  24 sixfirhies
  26 wretched stars
  A skyshark (shapeshifter) (Zig:16)
  17 cherubim
  16 skeletal warriors
  21 shadow wraiths
  7 salamander mystics
  61 deep trolls
  3 golden dragon zombies
  5 spatial maelstroms
  10 pharaoh ants
  10 iron trolls
  3 spectral anacondas
  2 ghost moth zombies
  2 quicksilver dragon simulacra
  24 sea snakes
  8 orb spiders
  A glowing orange brain (shapeshifter) (Vaults:5)
  A sun moth (shapeshifter) (Zig:5)
  2 goliath frogs (Zig:12)
  6 spriggan druids
  7 spriggan simulacra
  A bunyip zombie (Tomb:3)
  14 sun moths
  8 naga ritualists
  45 large abominations
  14 shadow demons
  11 glowing orange brains
  An anaconda zombie (Tomb:1)
  A kraken simulacrum (Zig:25)
  A spectral iron dragon (Zig:24)
  7 arcanists
  A bog body (Crypt:1)
  2 shadow dragon zombies (Zig:15)
  13 flayed ghosts
  A lindwurm (shapeshifter) (Zig:5)
  An orb spider (shapeshifter) (Vaults:5)
  13 lindwurms
  9 mana vipers
  9 steelbarb worms
  15 harpies
  23 deep elf archers
  20 ironbound convokers
  5 obsidian statues
  3 golden dragon skeletons (Zig:18)
  19 orc knights
  23 phantasmal warriors
  An alligator zombie (Hell)
  4 swamp dragons (Zig:12)
  A lightning spire (Zig:26)
  8 orange crystal statues
  A harpy (shapeshifter) (Vaults:3)
  30 deep elf pyromancers
  A spectral ettin (Tar:5)
  15 necromancers
  16 orc sorcerers
  14 oklob plants (Zig:22)
  25 fauns
  33 deep elf zephyrmancers
  44 starcursed masses
  A bunyip skeleton (Tomb:1)
  34 wolf spiders
  11 shining eyes
  31 manticores
  An iron dragon zombie (Zig:21)
  3 salamanders
  43 ugly things
  An ugly thing (shapeshifter) (Vaults:5)
  2 worldbinders (Zig:26)
  10 cyclopes
  A spectral centaur (Tar:2)
  8 moths of wrath
  A tengu skeleton (Zig:21)
  3 apocalypse crabs
  4 will-o-the-wisps
  4 frost giant skeletons (Geh:2)
  2 rust devils
  6 meliai
  9 kobold blastminers
  2 titan simulacra (Coc:7)
  12 ice statues
  18 merfolk sirens
  18 guardian serpents
  2 toenail golems
  A moth of wrath (shapeshifter) (Zig:16)
  A salamander (shapeshifter) (Elf:1)
  4 iron dragon skeletons (Zig:21)
  5 stone giant skeletons (Geh:2)
  2 torpor snails (shapeshifter)
  3 black mambas (shapeshifter)
  29 naga magi
  19 elephants
  2 dire elephant zombies (Lair:5)
  23 vault sentinels
  45 water nymphs
  A water nymph (shapeshifter) (Vaults:5)
  8 eyes of devastation
  6 molten gargoyles
  2 naga zombies
  76 black mambas
  A storm dragon simulacrum (Coc:1)
  70 smoke demons
  2 centaur skeletons
  9 gargoyles
  21 cane toads
  2 dire elephant skeletons
  18 orange demons (Pan)
  A cane toad (shapeshifter) (D:14)
  4 rime drakes
  22 torpor snails
  4 unseen horrors
  35 hellions
  A kobold demonologist (D:10)
  16 yaktaurs
  10 freezing wraiths
  15 komodo dragons
  An alligator snapping turtle skeleton (Crypt:3)
  2 sea snake zombies (Hell)
  3 spectral nagas
  16 ancient zymes
  27 tormentors
  A komodo dragon (shapeshifter) (D:14)
  11 efreet
  98 guardian mummies
  3 silent spectres
  3 tengu conjurers
  A death yak skeleton (Crypt:1)
  6 red devils
  5 anaconda simulacra
  3 ice devils
  An iron giant simulacrum (Coc:7)
  48 merfolk
  A red draconian skeleton (Crypt:2)
  4 golden dragon simulacra
  2 harpy zombies
  3 hydra zombies
  A spectral harpy (Tar:4)
  16 wind drakes
  A sea snake skeleton (Crypt:1)
  A troll (shapeshifter) (Elf:1)
  A bloated husk (Zig:12)
  6 polar bears
  2 queen bees (shapeshifter)
  A tengu simulacrum (Zig:18)
  28 hellwings
  15 trolls
  2 hornets (shapeshifter)
  A tyrant leech (Zig:12)
  28 hornets
  73 saltlings (Desolation)
  4 merfolk (shapeshifter)
  9 glass eyes
  A spectral swamp dragon (Tar:1)
  A harpy skeleton (Tomb:1)
  A tarantella (shapeshifter) (Vaults:5)
  19 blink frogs
  12 raiju
  2 hydra skeletons (Hell)
  5 dream sheep
  18 tarantellas
  A guardian serpent skeleton (Crypt:2)
  An iron dragon simulacrum (Coc:5)
  2 spectral elephants (Lair:5)
  A boulder beetle zombie (Crypt:3)
  123 slime creatures
  2 dream sheep (shapeshifter)
  Sigmund (D:6)
  A spectral black mamba (Tar:2)
  A stone giant simulacrum (Coc:1)
  24 snapping turtles
  30 jumping spiders
  A spriggan (shapeshifter) (D:14)
  A shadow (D:10)
  9 air elementals
  A centaur simulacrum (Coc:1)
  25 water elementals
  4 vampires
  22 ynoxinuls
  14 small abominations
  15 wraiths
  An ettin skeleton (Hell)
  9 dire elephant simulacra
  27 ushabtiu
  26 culicivoras
  A fire dragon skeleton (Tomb:1)
  2 wyverns (D:8)
  40 yaks
  10 fire elementals
  4 hogs (Lair:3)
  26 golden eyes
  10 basilisks
  A sea snake simulacrum (Hell)
  4 steam dragons
  Menkaure (D:6)
  6 fire bats (Abyss:3)
  63 redbacks
  19 chaos spawn
  32 neqoxecs
  16 wargs
  2 death yak simulacra (Lair:5)
  4 spatial vortices (Abyss:4)
  17 harpy simulacra
  4 spectral cane toads (Lair:5)
  9 vampire mosquitoes
  31 water moccasins
  19 nagas
  2 glowing shapeshifter zombies
  4 acid dragons
  An acid dragon (shapeshifter) (Vaults:5)
  2 hydra simulacra
  2 swamp worms (shapeshifter)
  A cane toad zombie (Crypt:2)
  4 glowing shapeshifter skeletons
  9 hell hounds
  2 naga skeletons
  103 orc warriors
  3 sky beasts
  A cane toad skeleton (Crypt:3)
  A redback (shapeshifter) (Depths:1)
  A demonspawn skeleton (Crypt:3)
  7 black bears
  4 boggarts (Lair:4)
  12 laughing skulls
  6 ettin simulacra
  22 ogres
  6 centaurs
  A swamp dragon skeleton (Crypt:3)
  28 wolves
  2 elephant skeletons (Lair:5)
  A phantom (D:6)
  8 bullfrogs
  A yaktaur skeleton (Crypt:3)
  5 kobold brigands
  6 brain worms (Pan)
  A bullfrog (shapeshifter) (Elf:2)
  4 naga simulacra
  6 scorpions
  3 cane toad simulacra (Lair:5)
  13 earth elementals
  A water moccasin zombie (D:4)
  A cyclops skeleton (Crypt:2)
  6 wights
  3 killer bees
  An elephant simulacrum (Lair:5)
  7 electric eels
  6 howler monkeys
  2 crimson imps (Zig:20)
  2 bombardier beetles
  2 bullfrog zombies
  2 centaur zombies (D:4)
  6 jellies
  3 human zombies (Crypt:1)
  6 hounds
  46 orc priests
  2 human skeletons (Crypt:1)
  3 iguanas
  A sleepcap (D:4)
  27 orc wizards
  A boggart zombie (Crypt:1)
  3 hell rats
  3 hound zombies (D:4)
  A boggart simulacrum (D:15)
  A hound skeleton (Crypt:1)
  173 mummies
  2 howler monkey zombies (D:4)
  3 howler monkey skeletons
  4 river rats (Sewer)
  7 adders
  10 gnolls
  2 shadow imps
  2 white imps
  2 ufetubi
  An adder zombie (D:4)
  A ribbon worm (D:4)
  2 dart slugs
  99 orcs
  9 endoplasms
  5 giant cockroaches
  20 goblins
  15 hobgoblins
  10 jackals
  12 kobolds
  2 quokkas
  6 ball pythons
  A ball python zombie (Crypt:1)
  2 bats (D:1)
  2 frilled lizards
  A giant cockroach zombie (Crypt:1)
  A goblin zombie (Crypt:2)
  A jackal zombie (D:4)
  An orc skeleton (Crypt:3)
  14 rats
  17 aspiring fleshes
  3 ball lightnings (Pan)
  6 creeping infernos
  220 fire vortices
  3 fulminant prisms
  5 starspawn tentacles
  4 tentacles
6869 creatures vanquished.

Vanquished Creatures (collateral kills)
  Antaeus (Coc:7)
  An iron giant (Zig:27)
  A hellephant (Zig:25)
  A Hell Sentinel (Dis:7)
  A death cob (Zot:2)
  An ancient champion (Zig:18)
  An emperor scorpion (Zig:10)
  A vampire knight (Zig:18)
  A war gargoyle (Vaults:5)
  An eidolon (Zig:25)
  A sun demon (Zig:24)
  An orange crystal statue (Zig:10)
  An iron dragon skeleton (Zig:15)
  A worldbinder (Zig:22)
  A black mamba (Zig:23)
  An aspiring flesh (Zig:5)
16 creatures vanquished.

Vanquished Creatures (others)
  A pandemonium lord (Zig:5)
  A Killer Klown (Zig:5)
  An eldritch tentacle (Pan)
  A fenstrider witch (Zig:12)
  A blizzard demon (Pan)
  2 caustic shrike simulacra (Coc:5)
  A phantasmal warrior (Zig:16)
  A fire bat (Abyss:3)
  A ynoxinul (Pan)
  A yak (Lair:5)
  2 harpy simulacra
  3 ball lightnings (Pan)
  A creeping inferno (Geh:6)
  484 fire vortices
  31 foxfires
  121 fulminant prisms
  A lurking horror (Abyss:4)
  6 starspawn tentacles
  26 tentacles
686 creatures vanquished.

Grand Total: 7571 creatures vanquished

Notes
Turn   | Place    | Note
-------+----------+-------------------------------------------
     0 | D:1      | Mumonspawn the Coglin Conjurer began the quest for the Orb.
     0 | D:1      | Reached XP level 1. HP: 13/13 MP: 3/3
   242 | D:1      | Reached XP level 2. HP: 19/19 MP: 0/4
   840 | D:2      | Reached XP level 3. HP: 24/24 MP: 0/6
   843 | D:2      | Learned a level 2 spell: Searing Ray
  1167 | D:2      | Identified the ring "Peresma" {*Slow Will++ Str+6 Int+3}
  1680 | D:3      | Reached XP level 4. HP: 29/30 MP: 2/7
  1894 | D:3      | Reached skill level 5 in Conjurations
  1894 | D:3      | Reached XP level 5. HP: 11/35 MP: 1/9
  2495 | D:3      | Learned a level 4 spell: Fulminant Prism
  2499 | D:3      | Learned a level 3 spell: Inner Flame
  2840 | D:4      | Reached XP level 6. HP: 41/41 MP: 6/10
  3034 | D:4      | Reached skill level 1 in Hexes
  3034 | D:4      | Reached skill level 1 in Fire Magic
  3340 | D:4      | Reached XP level 7. HP: 33/46 MP: 6/12
  4289 | D:5      | Entered Level 5 of the Dungeon
  4522 | D:5      | Reached XP level 8. HP: 36/52 MP: 9/14
  4668 | D:5      | Identified the +2 scale mail "Enisah" {MP+9 Dex+2}
  4713 | D:5      | Found a glowing drain.
  4811 | Sewer    | Entered a sewer
  5788 | D:5      | Reached skill level 5 in Spellcasting
  6124 | D:5      | Reached XP level 9. HP: 45/57 MP: 11/16
  6554 | D:6      | Noticed Menkaure
  6562 | D:6      | Killed Menkaure
  6670 | D:6      | Reached skill level 5 in Hexes
  7310 | D:6      | Upgraded the game from 0.32-a0-460-gc8eefc9 to
                  | 0.32-a0-468-g38b2580
  7443 | D:6      | Noticed Sigmund
  7717 | D:6      | Killed Sigmund
  8227 | D:7      | Reached XP level 10. HP: 61/63 MP: 10/19
  8398 | D:7      | Found a staircase to the Ecumenical Temple.
  8414 | Temple   | Entered the Ecumenical Temple
  8436 | Temple   | Became a worshipper of Vehumet
  8783 | D:8      | Reached skill level 10 in Conjurations
  8862 | D:8      | Reached skill level 1 in Fighting
  8867 | D:8      | Learned a level 4 spell: Iskenderun's Mystic Blast
  9007 | D:8      | Noticed a cyclops
  9022 | D:8      | Reached skill level 1 in Translocations
  9467 | D:8      | Found a staircase to the Lair.
  9536 | D:8      | Reached * piety under Vehumet
  9536 | D:8      | Offered knowledge of Foxfire by Vehumet.
  9693 | D:8      | Learned a level 1 spell: Foxfire
 10397 | D:8      | Killed a cyclops
 10658 | D:8      | Learned a level 4 spell: Sticky Flame
 10765 | D:9      | Found a flagged portal.
 10777 | D:9      | Reached skill level 1 in Alchemy
 10851 | Bailey   | Entered a bailey
 11031 | Bailey   | Noticed an orc knight
 11052 | Bailey   | Killed an orc knight
 11053 | Bailey   | Reached skill level 5 in Fire Magic
 11132 | Bailey   | Reached XP level 11. HP: 58/77 MP: 4/20
 11362 | Bailey   | Reached ** piety under Vehumet
 11437 | Bailey   | Offered knowledge of Static Discharge by Vehumet.
 11463 | Bailey   | Noticed an orc warlord
 11483 | Bailey   | Killed an orc warlord
 11484 | Bailey   | Reached skill level 1 in Throwing
 11603 | Bailey   | Reached skill level 5 in Evocations
 12360 | D:9      | Found an ornate altar of the Wu Jian Council.
 12673 | D:9      | Offered knowledge of Momentum Strike by Vehumet.
 12888 | D:9      | Noticed a two-headed ogre
 12894 | D:9      | Killed a two-headed ogre
 12983 | D:9      | Noticed a two-headed ogre
 12986 | D:9      | Found a transporter.
 12986 | D:9      | Found Hoomyil's Armour Boutique.
 13015 | D:9      | Found a transporter.
 13145 | D:9      | Killed a two-headed ogre
 13207 | D:9      | Reached *** piety under Vehumet
 13388 | D:9      | Identified the granite talisman of Makhleb's Approval {rF+
                  | SInv}
 13545 | D:9      | Noticed a centaur warrior
 13563 | D:9      | Killed a centaur warrior
 13751 | D:9      | Reached XP level 12. HP: 82/83 MP: 6/23
 14142 | D:10     | Entered Level 10 of the Dungeon
 14155 | D:10     | Noticed Urug
 14280 | D:9      | Offered knowledge of Olgreb's Toxic Radiance by Vehumet.
 14448 | D:10     | Noticed a two-headed ogre
 14450 | D:10     | Noticed an ogre mage
 14456 | D:10     | Killed a two-headed ogre
 14599 | D:10     | Killed an ogre mage
 14916 | D:10     | Killed Urug
 15028 | D:10     | Noticed a two-headed ogre
 15038 | D:10     | Found a shimmering altar of Xom.
 15039 | D:10     | Found a shimmering altar of Xom.
 15040 | D:10     | Found a shimmering altar of Xom.
 15043 | D:10     | Killed a two-headed ogre
 15276 | D:10     | Reached **** piety under Vehumet
 15309 | D:10     | Found a staircase to the Orcish Mines.
 15353 | D:10     | Found a shimmering altar of Xom.
 15355 | D:10     | Found a shimmering altar of Xom.
 15865 | Lair:1   | Entered Level 1 of the Lair of Beasts
 15882 | Lair:1   | Noticed Nergalle
 16092 | Lair:1   | Killed Nergalle
 16375 | Lair:1   | Offered knowledge of Ignite Poison by Vehumet.
 16628 | Lair:1   | Gained mutation: Your flesh is cold resistant. (rC+)
                  | [Coglin growth]
 16628 | Lair:1   | Gained mutation: Your flesh is heat resistant. (rF+)
                  | [Coglin growth]
 16628 | Lair:1   | Reached XP level 13. HP: 80/88 MP: 13/26
 17926 | Lair:2   | Reached skill level 10 in Spellcasting
 18180 | Lair:2   | Found a staircase to the Shoals.
 18452 | Lair:2   | Acquired the amulet "Imynif" {Acrobat Regen+ Str+3 Int+2}
 18737 | Lair:3   | Found a hole to the Spider Nest.
 18737 | Lair:3   | Noticed Josephine
 18747 | Lair:3   | Killed Josephine
 18807 | Lair:3   | Reached ***** piety under Vehumet
 18807 | Lair:3   | Offered knowledge of Iskenderun's Battlesphere by Vehumet.
 18983 | Lair:3   | Found a dark tunnel.
 18992 | Volcano  | Entered a volcano
 19207 | Volcano  | Reached skill level 1 in Armour
 20250 | Lair:3   | Reached skill level 5 in Fighting
 20483 | Lair:4   | Found a gate leading to a gauntlet.
 20511 | Gauntlet | Entered a Gauntlet
 20511 | Gauntlet | Found a transporter.
 20511 | Gauntlet | Found a transporter.
 20526 | Gauntlet | Found a transporter.
 20540 | Gauntlet | Found a transporter.
 20557 | Gauntlet | Found a transporter.
 20557 | Gauntlet | Found a transporter.
 20557 | Gauntlet | Found a transporter.
 20559 | Gauntlet | Found a transporter.
 20559 | Gauntlet | Found a transporter.
 20571 | Gauntlet | Found a transporter.
 20587 | Gauntlet | Found a transporter.
 20596 | Gauntlet | Found a transporter.
 20600 | Gauntlet | Found a runed translucent door.
 20614 | Gauntlet | Found a transporter.
 20631 | Gauntlet | Found a transporter.
 20834 | Gauntlet | Reached XP level 14. HP: 45/99 MP: 11/28
 20945 | Gauntlet | Identified the ring "Qaitwy" {rF+ rCorr Str+3}
 21086 | Gauntlet | Identified the +0 cloak of Dim Light {rPois rN++ Int-2}
 21120 | Gauntlet | Reached skill level 5 in Dodging
 21191 | Gauntlet | Identified the +1 great mace "Grim Tooth" {pain, rF+ Str+4
                  | SInv}
 21249 | Lair:4   | Noticed Rupert
 21288 | Lair:4   | Killed Rupert
 21950 | Lair:4   | You fall into a shaft and drop 1 floor!
 21950 | Lair:5   | Entered Level 5 of the Lair of Beasts
 22097 | Lair:5   | Reached skill level 1 in Earth Magic
 22203 | Lair:5   | Reached skill level 5 in Earth Magic
 22496 | Lair:5   | Found a viscous altar of Jiyva.
 22497 | Lair:5   | Found a staircase to the Slime Pits.
 22819 | Lair:5   | Noticed a dire elephant
 22819 | Lair:5   | Noticed a dire elephant
 22820 | Lair:5   | Noticed a dire elephant
 22820 | Lair:5   | Noticed a dire elephant
 23209 | Lair:5   | Learned a level 4 spell: Passage of Golubria
 23679 | Lair:5   | Killed a dire elephant
 23701 | Lair:5   | Killed a dire elephant
 23802 | Lair:5   | Killed a dire elephant
 24028 | Lair:5   | Killed a dire elephant
 24029 | Lair:5   | Reached XP level 15. HP: 101/112 MP: 8/29
 24318 | Lair:5   | Reached skill level 5 in Translocations
 24712 | Lair:3   | Noticed Kirke
 24720 | Lair:3   | Killed Kirke
 24915 | Lair:4   | Offered knowledge of Fireball by Vehumet.
 24924 | Lair:4   | Learned a level 5 spell: Fireball
 27214 | D:12     | Found a blossoming altar of Fedhas.
 27454 | D:13     | Learned a level 1 spell: Apportation
 28187 | D:13     | Found a gate to the Vaults.
 28736 | D:14     | Noticed Frances
 28742 | D:14     | Killed Frances
 28747 | D:14     | Learned a level 2 spell: Blink
 29092 | D:14     | Noticed Jorgrun
 29096 | D:14     | Killed Jorgrun
 29919 | D:15     | Entered Level 15 of the Dungeon
 29956 | D:15     | Reached skill level 5 in Armour
 30160 | D:15     | Found a staircase to the Depths.
 30524 | D:15     | Offered knowledge of Orb of Destruction by Vehumet.
 30534 | D:15     | Learned a level 7 spell: Orb of Destruction
 30832 | D:15     | Reached XP level 16. HP: 120/120 MP: 23/30
 31547 | D:15     | Acquired 777 gold pieces
 31683 | Orc:1    | Entered Level 1 of the Orcish Mines
 32086 | Orc:2    | Entered Level 2 of the Orcish Mines
 32209 | Orc:2    | Found a staircase to the Elven Halls.
 32264 | Orc:2    | Noticed Snorg
 32285 | Orc:2    | Killed Snorg
 32827 | Orc:2    | Offered knowledge of Starburst by Vehumet.
 32979 | Orc:2    | Noticed Sonja
 32980 | Orc:2    | Reached skill level 15 in Conjurations
 32982 | Orc:2    | Killed Sonja
 33591 | Orc:2    | Found Lycla's Antique Weapon Shop.
 34085 | Orc:2    | Found Idohog's Antique Armour Shoppe.
 34085 | Orc:2    | Found Ful Baf's Book Shoppe.
 34086 | Orc:2    | Found Nairo's Antique Weapon Emporium.
 34086 | Orc:2    | Found Kasettal's Antique Weapon Shoppe.
 34634 | Orc:2    | Bought the +1 cloak of Starlight {*Dazzle EV+4 Stlth--} for
                  | 793 gold pieces
 34634 | Orc:2    | Found the +1 cloak of Starlight {*Dazzle EV+4 Stlth--}
 34635 | Orc:2    | Bought a jewelled hand axe for 160 gold pieces
 34635 | Orc:2    | Identified the +10 hand axe of Attainder {chaos, rPois
                  | Dex+4} (You bought it in a shop on level 2 of the Orcish
                  | Mines)
 34890 | Shoals:1 | Entered Level 1 of the Shoals
 34890 | Shoals:1 | Noticed a kraken
 35062 | Shoals:1 | Reached ****** piety under Vehumet
 35133 | Shoals:1 | Offered knowledge of Spellforged Servitor by Vehumet.
 35883 | Shoals:1 | Killed a kraken
 36149 | Shoals:1 | Reached XP level 17. HP: 125/125 MP: 33/34
 37639 | Orc:2    | Bought a book of Spectacle for 528 gold pieces
 37646 | Orc:2    | Learned a level 6 spell: Starburst
 37941 | Shoals:3 | Noticed Nikola
 38010 | Shoals:3 | Noticed Mara
 38033 | Shoals:3 | Noticed Mumonspawn's illusion
 38487 | Shoals:3 | Noticed Mumonspawn's illusion
 38488 | Shoals:3 | Killed Mara
 38489 | Shoals:3 | Reached skill level 10 in Fire Magic
 38520 | Shoals:3 | Killed Nikola
 39219 | Shoals:4 | Entered Level 4 of the Shoals
 39310 | Shoals:4 | Offered knowledge of Plasma Beam by Vehumet.
 39748 | Shoals:4 | Identified the +4 ring mail "Extacair" {Int+3}
 40038 | Shoals:4 | Identified the +3 shortbow of the Nexus {elec, rElec Str+3}
 40722 | Shoals:4 | Reached XP level 18. HP: 132/132 MP: 23/36
 41127 | Shoals:4 | Identified the +9 falchion "Poupol" {spect, Str+2}
 41206 | Shoals:4 | Got Sif Muna's Directory of the Boulder and the Sphinx
 41452 | Shoals:4 | Got a barnacled rune of Zot
 41798 | Spider:1 | Entered Level 1 of the Spider Nest
 42030 | Spider:1 | Offered knowledge of Bombard by Vehumet.
 42543 | Spider:1 | Identified the serpent talisman of a treasure trove {rElec}
 42543 | Spider:1 | Noticed Aizul
 42553 | Spider:1 | Killed Aizul
 43005 | Spider:1 | Reached skill level 15 in Fire Magic
 43005 | Spider:1 | Reached XP level 19. HP: 138/138 MP: 37/37
 45045 | Spider:3 | Identified the +0 plate armour "Teishrene" {Str+3}
 45196 | Spider:3 | Learned a level 6 spell: Bombard
 45364 | Spider:3 | Noticed Arachne
 45371 | Spider:3 | Killed Arachne
 45376 | Spider:3 | Offered knowledge of Lehudib's Crystal Spear by Vehumet.
 45643 | Spider:3 | Noticed Agnes
 45646 | Spider:3 | Killed Agnes
 45713 | Spider:3 | Reached skill level 10 in Fighting
 46351 | Spider:3 | Reached XP level 20. HP: 147/147 MP: 33/38
 46434 | Spider:4 | Entered Level 4 of the Spider Nest
 47301 | Spider:4 | Noticed Asterion
 47305 | Spider:4 | Killed Asterion
 47310 | Spider:4 | Noticed Bai Suzhen
 47760 | Spider:4 | Killed Bai Suzhen
 48944 | Spider:4 | Reached skill level 10 in Evocations
 49021 | Spider:4 | Identified the +1 hat of Tixzom {Regen+ Slay+2}
 49026 | Spider:4 | Identified the orb of Yredelemnul {mayhem, rPois}
 49084 | Spider:4 | Got a gossamer rune of Zot
 49411 | Elf:1    | Entered Level 1 of the Elven Halls
 49411 | Elf:1    | Found Miuxzir's Jewellery Emporium.
 49785 | Elf:1    | Identified the staff of Peace {^Fragile rC+ Str+2 Int+8
                  | Summ Ice}
 50257 | Elf:1    | Got the Guide on the Linear Pyre
 50268 | Elf:1    | Got the Volume of Transfiguration
 50376 | Elf:1    | You fall into a shaft and drop 1 floor!
 51094 | Elf:2    | Reached skill level 15 in Spellcasting
 51503 | Elf:2    | Found a runed translucent gate.
 51504 | Elf:2    | Found a runed translucent gate.
 51508 | Elf:2    | Found a runed translucent gate.
 51997 | Elf:2    | Found Xusivaes's Assorted Antiques.
 52009 | Elf:2    | Bought a scroll of teleportation for 99 gold pieces
 52154 | Elf:2    | Reached XP level 21. HP: 156/156 MP: 25/40
 52256 | Elf:2    | Identified the maw talisman "Jarib" {Dex+5}
 52494 | Elf:2    | Identified the +12 war axe "Beast's Death Toll" {vamp,
                  | rPois Int+4}
 52846 | Elf:3    | Entered Level 3 of the Elven Halls
 52859 | Elf:3    | Reached skill level 10 in Earth Magic
 53123 | Elf:3    | Found Baudwops's General Store.
 53131 | Elf:3    | Bought a scroll of fear for 68 gold pieces
 53131 | Elf:3    | Bought a scroll of teleportation for 51 gold pieces
 53131 | Elf:3    | Bought a scroll of fear for 68 gold pieces
 53131 | Elf:3    | Bought a wand of mindburst (4) for 95 gold pieces
 53142 | Elf:3    | Identified the +6 morningstar of Joyful Slaughter {vamp,
                  | rN++ rCorr Stlth+}
 53356 | Elf:3    | Identified the ring of Pulopeti {rPois rF- rC+ Slay+3}
 53363 | Elf:3    | Identified the +12 dagger of Disorder {freeze, rF+ Str+4
                  | Dex+3}
 53535 | Elf:3    | Identified the +4 halberd "Alyn" {flame, rCorr}
 53541 | Elf:3    | Identified the +1 chain mail of Loleqaeth {Rampage +Inv
                  | rN+}
 53659 | Elf:3    | Identified the +4 shortbow of Disembowelment {flame, rElec
                  | Str+3 Int+4}
 53666 | Elf:3    | Identified the +6 flail of Honesty {freeze, Int+5}
 53674 | Elf:3    | Found the amulet of the Four Winds {rN+ Will+++ Clar}
 53687 | Elf:3    | Identified the +5 spear of Ysimmaen {flame, rElec Str+4}
 53713 | Elf:3    | Got the Almanac of the Baku
 53716 | Elf:3    | Found the +7 hand cannon "Mule" {flame, backblast, rF+}
 54273 | Elf:3    | Found Qoqamierch's Distillery.
 54276 | Elf:3    | Bought a potion of haste for 150 gold pieces
 54276 | Elf:3    | Bought a potion of curing for 45 gold pieces
 54276 | Elf:3    | Bought a potion of curing for 45 gold pieces
 54276 | Elf:3    | Bought a potion of heal wounds for 75 gold pieces
 54276 | Elf:3    | Bought a potion of curing for 45 gold pieces
 54276 | Elf:3    | Bought 2 potions of brilliance for 120 gold pieces
 54276 | Elf:3    | Bought a potion of curing for 45 gold pieces
 54276 | Elf:3    | Bought a potion of curing for 45 gold pieces
 54491 | Vaults:1 | Entered Level 1 of the Vaults
 54729 | Vaults:1 | Paralysed by a formless jellyfish for 1 turns
 55996 | Vaults:1 | Found Qusimel's Antique Weapon Shoppe.
 56017 | Vaults:1 | Bought a glimmering hand axe for 248 gold pieces
 56017 | Vaults:1 | Identified the +2 hand axe "Giantbane" {spect, rCorr Int+2}
                  | (You bought it in a shop on level 1 of the Vaults)
 56039 | Vaults:1 | Reached XP level 22. HP: 163/163 MP: 25/41
 56860 | Vaults:2 | Found a staircase to the Crypt.
 58142 | Vaults:2 | Found Ahocuzyu's Distillery.
 58145 | Vaults:2 | Bought a potion of invisibility for 136 gold pieces
 58145 | Vaults:2 | Bought a potion of lignification for 51 gold pieces
 58145 | Vaults:2 | Bought a potion of brilliance for 68 gold pieces
 58145 | Vaults:2 | Bought a potion of curing for 51 gold pieces
 58145 | Vaults:2 | Bought a potion of ambrosia for 136 gold pieces
 58145 | Vaults:2 | Bought a potion of heal wounds for 85 gold pieces
 58145 | Vaults:2 | Bought a potion of curing for 51 gold pieces
 58145 | Vaults:2 | Bought a potion of heal wounds for 85 gold pieces
 58145 | Vaults:2 | Bought a potion of cancellation for 136 gold pieces
 58638 | Vaults:3 | Paralysed by a formless jellyfish for 1 turns
 58792 | Vaults:3 | Found a crumbling gateway.
 58825 | Desolati | Entered the Desolation of Salt
 59400 | Desolati | Identified the +8 chain mail "Bexob" {Int+3}
 60209 | Desolati | Reached XP level 23. HP: 169/169 MP: 27/43
 60235 | Desolati | Learned a level 8 spell: Ignition
 60570 | Desolati | Got the Secrets of Correspondence and Pyromania
 60595 | Desolati | Identified the amulet of Traps {Acrobat +Blink Regen+
                  | Dex+6}
 61138 | Desolati | Identified the ring "Cyotzogh" {rF- Str+6 Int+4 Dex+7 SInv}
 61529 | Vaults:3 | Found Nirourr's Weapon Shoppe.
 61536 | Vaults:3 | Bought 2 curare-tipped darts for 28 gold pieces
 62442 | Vaults:3 | Found the ring of the Octopus King
 62455 | Vaults:3 | Identified the +2 leather armour of the Kappa {Rampage
                  | rPois}
 62471 | Vaults:3 | Identified a ring of the Octopus King {rN+ HP+2 AC+2 EV+2
                  | SH+2}
 62473 | Vaults:3 | Identified the ring of Xoxkoni {Fly Will+ Str-3 SInv}
 63268 | Vaults:4 | Learned a level 3 spell: Passwall
 64241 | Vaults:5 | Entered Level 5 of the Vaults
 64249 | Vaults:5 | Reached XP level 24. HP: 175/176 MP: 41/45
 64468 | Depths:1 | Entered Level 1 of the Depths
 64679 | Depths:1 | Noticed a juggernaut
 64680 | Depths:1 | Noticed a caustic shrike
 64686 | Depths:1 | Killed a juggernaut
 64694 | Depths:1 | Killed a caustic shrike
 65183 | Depths:1 | Found a radiant altar of Vehumet.
 65317 | Depths:1 | Found a gateway to Hell.
 67163 | Depths:2 | Noticed a juggernaut
 67189 | Depths:2 | Killed a juggernaut
 67582 | Depths:2 | Found a one-way gate to the infinite horrors of the Abyss.
 68064 | Depths:2 | Found a one-way gate leading to the halls of Pandemonium.
 69377 | Depths:3 | Reached XP level 25. HP: 182/182 MP: 35/45
 70043 | Depths:3 | Found a glowing silver altar of Zin.
 70043 | Depths:3 | Noticed Mennas
 70097 | Depths:3 | Killed Mennas
 70145 | Depths:3 | Found Ydghoah's Weapon Boutique.
 70600 | Depths:3 | Got the Folio of Cursed Prima Materia
 70757 | Depths:4 | Entered Level 4 of the Depths
 70757 | Depths:4 | Found Sipned's Magic Scroll Shoppe.
 70764 | Depths:4 | Bought a scroll of vulnerability for 60 gold pieces
 70764 | Depths:4 | Bought a scroll of fear for 60 gold pieces
 70764 | Depths:4 | Bought a scroll of teleportation for 45 gold pieces
 70764 | Depths:4 | Bought a scroll of immolation for 60 gold pieces
 70764 | Depths:4 | Bought a scroll of poison for 60 gold pieces
 71059 | Depths:4 | Found Ytuw's General Store.
 71325 | Depths:4 | Found Duaqebio's Antique Weapon Shoppe.
 71826 | Depths:4 | Found a gate to the Realm of Zot.
 72145 | Depths:4 | Bought a bloodstained trident for 314 gold pieces
 72145 | Depths:4 | Identified the +2 trident of Disorder {venom, rC- rCorr
                  | Str+8} (You bought it in a shop on level 4 of the Depths)
 72209 | Depths:4 | Bought a scroll of silence for 161 gold pieces
 72209 | Depths:4 | Bought a scroll of fog for 68 gold pieces
 72237 | Depths:4 | Found a one-way gateway to a ziggurat.
 72445 | Depths:4 | Found Jilech's General Store.
 72478 | Depths:4 | Found Vum Ypsoad's Antique Armour Shop.
 72616 | Depths:4 | Bought a brightly glowing scale mail for 198 gold pieces
 72616 | Depths:4 | Identified the +3 scale mail "Xacine" {Str+3 Int+2} (You
                  | bought it in a shop on level 4 of the Depths)
 72633 | Depths:4 | Bought a potion of lignification for 60 gold pieces
 72660 | Depths:4 | Noticed Jory
 72667 | Depths:4 | Killed Jory
 73612 | Slime:1  | Entered Level 1 of the Pits of Slime
 74133 | Slime:1  | Paralysed by a formless jellyfish for 1 turns
 75855 | Slime:3  | Reached XP level 26. HP: 181/188 MP: 45/45
 76448 | Slime:5  | Entered Level 5 of the Pits of Slime
 76480 | Slime:5  | Noticed the Royal Jelly
 76784 | Slime:5  | Found the +8 longbow "Zephyr" {speed, Dex+3 SInv}
 77100 | Slime:5  | Killed the Royal Jelly
 77335 | Slime:5  | Identified the +2 shortbow of Infinite Pain {drain, rF++}
 77342 | Slime:5  | Identified the +1 ring mail of Meager Music {^Drain rPois
                  | Regen+ Dex+3}
 77345 | Slime:5  | Identified the +3 hand axe of Xoru {freeze, rC+ Stlth+}
 77632 | Slime:5  | Got a slimy rune of Zot
 77806 | Slime:5  | Identified the +0 pair of boots "Rosem" {+Blink Str+4}
 78744 | Crypt:1  | Entered Level 1 of the Crypt
 78824 | Crypt:1  | Noticed Grunn
 78834 | Crypt:1  | Killed Grunn
 81114 | Crypt:2  | Noticed Margery
 81123 | Crypt:2  | Killed Margery
 82147 | Crypt:3  | Entered Level 3 of the Crypt
 83211 | Crypt:3  | Reached XP level 27. HP: 195/199 MP: 22/45
 83936 | Crypt:3  | Found a staircase to the Tomb.
 84131 | Crypt:3  | Noticed a dread lich
 84135 | Crypt:3  | Noticed a dread lich
 84135 | Crypt:3  | Noticed an ancient lich
 84144 | Crypt:3  | Killed a dread lich
 84374 | Crypt:3  | Identified the blade talisman "Caisuosh" {rCorr Stlth+}
 84376 | Crypt:3  | Identified the staff of Prudence {rElec rC+ rN+ Str+3
                  | Necro}
 84409 | Crypt:3  | Killed a dread lich
 84414 | Crypt:3  | Killed an ancient lich
 84751 | Vaults:5 | Noticed an ancient lich
 85003 | Vaults:5 | Identified the +4 long sword of Kaluerro {spect, rN+}
 85008 | Vaults:5 | Identified the staff of Strategic Superiority {rPois rF+
                  | Int-4 Dex+3 Fire}
 85048 | Vaults:5 | Killed an ancient lich
 86183 | Vaults:5 | Got a silver rune of Zot
 86336 | Vaults:5 | Identified the +1 plate armour of Acose {Will- rCorr Int+6}
 86642 | Vaults:5 | Acquired 932 gold pieces
 87783 | Vaults:5 | Learned a level 9 spell: Fire Storm
 88145 | Zig:1    | Entered Level 1 of a ziggurat
 88232 | Zig:2    | Entered Level 2 of a ziggurat
 88253 | Zig:3    | Entered Level 3 of a ziggurat
 88331 | Zig:4    | Entered Level 4 of a ziggurat
 88365 | Zig:5    | Entered Level 5 of a ziggurat
 88389 | Zig:6    | Entered Level 6 of a ziggurat
 88449 | Zig:6    | Identified the +3 scale mail of Disguise {rN+ Will- Dex+4}
 88463 | Zig:7    | Entered Level 7 of a ziggurat
 88593 | Zig:7    | Identified the +1 shortbow "Xerutah" {heavy, SInv}
 88595 | Zig:7    | Identified the +5 spear of Qieb {drain, rF+++ Str-5 Dex+5}
 88601 | Zig:7    | Identified the staff of the Ageless Deaths {rC+ Str-5 Int+6
                  | Conj}
 88610 | Zig:8    | Entered Level 8 of a ziggurat
 88701 | Zig:8    | Identified the ring of the Riding Coward {*Corrode rPois
                  | rC+ Int+7 Slay+3}
 88709 | Zig:8    | Identified the staff of Destruction {rF+ Str+3 Fire}
 88738 | Zig:9    | Entered Level 9 of a ziggurat
 88781 | Zig:9    | Identified the staff of Vuelee {^Drain Str+3 SInv Stlth+
                  | Earth}
 88791 | Zig:9    | Identified the amulet of Vuidy {Acrobat rElec Str-4 Dex+5}
 88797 | Zig:9    | Identified the +4 mace of the Majestic God {spect, Dex+2}
 88817 | Zig:10   | Entered Level 10 of a ziggurat
 89000 | Zig:10   | Identified the amulet of Cotetteh {Acrobat Harm rC+ Stlth+}
 89004 | Zig:10   | Got the Verses on the Tropics and the Flock
 89028 | Zig:11   | Entered Level 11 of a ziggurat
 89118 | Zig:11   | Got the Papyrus of the Called Compass
 89134 | Zig:11   | Identified the ring "Lirusopuwn" {rC++ rN+ Will- MP+9}
 89172 | Zig:12   | Entered Level 12 of a ziggurat
 89278 | Zig:12   | Identified the +5 scale mail of Autumn {Rampage Regen+}
 89318 | Zig:13   | Entered Level 13 of a ziggurat
 89452 | Zig:13   | Identified the +1 great mace of the Chickpea {pain, rN+
                  | Dex+5}
 89460 | Zig:13   | Identified the +8 quarterstaff of Dissatisfaction {heavy,
                  | rCorr SInv}
 89491 | Zig:14   | Entered Level 14 of a ziggurat
 89502 | Zig:14   | Noticed a dread lich
 89505 | Zig:14   | Reached skill level 15 in Fighting
 89505 | Zig:14   | Killed a dread lich
 89506 | Zig:14   | Noticed an ancient lich
 89509 | Zig:14   | Killed an ancient lich
 89509 | Zig:14   | Noticed an ancient lich
 89511 | Zig:14   | Killed an ancient lich
 89557 | Zig:14   | Identified the +0 cloak of the Kappa {Str+4}
 89567 | Zig:14   | Got the Quarto of the Mortuary Entourage
 89634 | Zig:15   | Entered Level 15 of a ziggurat
 89649 | Zig:15   | Noticed an ancient lich
 89653 | Zig:15   | Killed an ancient lich
 89653 | Zig:15   | Noticed a royal mummy
 89653 | Zig:15   | Noticed a royal mummy
 89654 | Zig:15   | Reached skill level 15 in Earth Magic
 89654 | Zig:15   | Killed a royal mummy
 89655 | Zig:15   | Killed a royal mummy
 89679 | Zig:15   | Found the +5 glaive of the Guard {elec, spectral}
 89761 | Zig:15   | Identified the amulet "Kiafysunna" {Faith Fly rF+ Int-2
                  | Slay+3}
 89768 | Zig:15   | Got Sif Muna's Teachings on Shifting and Hexing
 89770 | Zig:15   | Identified the +10 rapier of Fedhas, Screaming {heavy, rC-
                  | Will++ Str+2 Dex+4}
 89816 | Zig:16   | Entered Level 16 of a ziggurat
 89871 | Zig:16   | Noticed a dread lich
 89875 | Zig:16   | Killed a dread lich
 89876 | Zig:16   | Noticed a dread lich
 89878 | Zig:16   | Killed a dread lich
 89999 | Zig:16   | Learned a level 8 spell: Lehudib's Crystal Spear
 90009 | Zig:16   | Learned a level 9 spell: Shatter
 90010 | Zig:16   | Identified the ring "Syxuloasm" {rF+ Dex+3 SInv}
 90031 | Zig:17   | Entered Level 17 of a ziggurat
 90053 | Zig:17   | Paralysed by an air elemental for 1 turns
 90118 | Zig:17   | Identified the +8 quarterstaff of the Viny God {venom, rF+
                  | rC+}
 90124 | Zig:17   | Acquired the Incunabulum of Degeneration
 90137 | Zig:17   | Got Sif Muna's Compendium of Shadows and the Curse
 90149 | Zig:17   | Identified the amulet of the Monkey {Faith rC+ Int+3}
 90207 | Zig:17   | Identified the ring "Noemeaf" {Wiz Fly}
 90209 | Zig:18   | Entered Level 18 of a ziggurat
 90237 | Zig:18   | Noticed an ancient lich
 90241 | Zig:18   | Killed an ancient lich
 90251 | Zig:18   | Killed an ancient lich
 90251 | Zig:18   | Killed a dread lich
 90369 | Zig:18   | Found the +16 obsidian axe {drain, demonic, Mesm ^Drain Fly
                  | SInv}
 90385 | Zig:18   | Identified the +5 triple crossbow of Cruel Justice {freeze,
                  | +Blink rCorr Int+7 Dex-3}
 90390 | Zig:18   | Identified the +4 scale mail of Qam Terarinn {*Slow rN++
                  | Int+4}
 90393 | Zig:18   | Identified the scarf of the Peculiar Planets {shadows, rN+
                  | Will+ rCorr}
 90455 | Zig:19   | Entered Level 19 of a ziggurat
 90679 | Zig:20   | Entered Level 20 of a ziggurat
 90704 | Zig:20   | Noticed an ancient lich
 90709 | Zig:20   | Killed an ancient lich
 90709 | Zig:20   | Noticed an ancient lich
 90710 | Zig:20   | Noticed an ancient lich
 90713 | Zig:20   | Killed an ancient lich
 90719 | Zig:20   | Killed an ancient lich
 90850 | Zig:20   | Identified the +1 hat "Ineerub" {rF+ rN++ Str-2}
 90866 | Zig:20   | Got the Essays on the Exothermic Geologist
 90986 | Zig:21   | Entered Level 21 of a ziggurat
 91101 | Zig:21   | Identified the +2 hand axe of Flawed Execution {flame,
                  | Int+2}
 91111 | Zig:21   | Identified the +3 quarterstaff of Cakkaita {venom, *Rage
                  | rPois Int-2 Dex+5}
 91184 | Zig:22   | Entered Level 22 of a ziggurat
 91207 | Zig:22   | Noticed an ancient lich
 91210 | Zig:22   | Killed an ancient lich
 91342 | Zig:22   | Identified the +1 orcbow "Zoupsias" {flame, rPois}
 91371 | Zig:22   | Identified the amulet of Nivof {Faith Str+3 Int+3 Stlth-}
 91434 | Zig:23   | Entered Level 23 of a ziggurat
 91558 | Zig:23   | Found the +5 robe of Night {Dark Will+ SInv}
 91563 | Zig:23   | Identified the +3 swamp dragon scales of Elyvilon's
                  | Displeasure {rPois Int+3}
 91613 | Zig:23   | Identified the amulet "Adwall" {Reflect rN+ rCorr SH+5}
 91629 | Zig:23   | Identified the +3 demon whip of Dithmenos's Esteem {flame,
                  | rC+ Int+4}
 91633 | Zig:23   | Identified the staff of the Endless Artisans {rElec Will+
                  | Dex+5 Stlth- Air}
 91725 | Zig:24   | Entered Level 24 of a ziggurat
 91774 | Zig:24   | Found the +10 morningstar "Eos" {elec, Halo rElec}
 91886 | Zig:24   | Identified the staff "Umun" {rPois rN++ Str-4 Hexes Fire
                  | Alchemy}
 91890 | Zig:24   | Identified the +6 long sword of Kujit {spect, +Blink Will-
                  | Str+3}
 92011 | Zig:25   | Entered Level 25 of a ziggurat
 92031 | Zig:25   | Noticed an ancient lich
 92034 | Zig:25   | Killed an ancient lich
 92038 | Zig:25   | Noticed a dread lich
 92039 | Zig:25   | Noticed an ancient lich
 92041 | Zig:25   | Killed a dread lich
 92041 | Zig:25   | Killed an ancient lich
 92042 | Zig:25   | Noticed a dread lich
 92044 | Zig:25   | Killed a dread lich
 92044 | Zig:25   | Killed a dread lich
 92050 | Zig:25   | Noticed a dread lich
 92053 | Zig:25   | Reached skill level 15 in Evocations
 92053 | Zig:25   | Killed a dread lich
 92156 | Zig:25   | Found the +4 skin of Zhor {*Englaciate rC+++ SInv}
 92173 | Zig:25   | Identified the +1 robe of the Good {rN++}
 92186 | Zig:25   | Identified the +11 long sword of Asinedgh {elec, rC+}
 92294 | Zig:26   | Entered Level 26 of a ziggurat
 92505 | Zig:26   | Identified the +10 great sword of Wyrd {pain, rN++}
 92520 | Zig:26   | Identified the +7 dagger of Courage {vamp, *Corrode +Blink
                  | rF+ Str+7}
 92531 | Zig:26   | Identified the +1 plate armour "Deteexid" {Rampage rF-
                  | Regen+ Dex+5}
 92547 | Zig:26   | Identified the +11 trident of Success {flame, rF++}
 92629 | Zig:27   | Entered Level 27 of a ziggurat
 92655 | Zig:27   | Reached skill level 1 in Ice Magic
 92675 | Zig:27   | Reached skill level 5 in Ice Magic
 92680 | Zig:27   | Noticed an ancient lich
 92683 | Zig:27   | Killed an ancient lich
 92919 | Zig:27   | Identified the +2 hat of Hopscotch {rElec Slay+3}
 92926 | Zig:27   | Identified the +7 mace of Valour {drain, rPois Int-2 Dex+4
                  | SInv}
 93096 | Zig:27   | Identified the ring "Gaesun" {rElec rF+ Dex+4}
 93110 | Zig:1    | Entered Level 1 of a ziggurat
 93110 | Zig:1    | Noticed Qobauhod the pandemonium lord
 93120 | Zig:1    | Killed Qobauhod the pandemonium lord
 93227 | Zig:2    | Entered Level 2 of a ziggurat
 93238 | Zig:3    | Entered Level 3 of a ziggurat
 93278 | Zig:3    | Identified the ring "Doli" {rF+ rC+ rCorr}
 93285 | Zig:4    | Entered Level 4 of a ziggurat
 93342 | Zig:5    | Entered Level 5 of a ziggurat
 93346 | Zig:5    | Noticed Woihefu the pandemonium lord
 93348 | Zig:5    | Killed Woihefu the pandemonium lord
 93349 | Zig:5    | Noticed Hutwuq the pandemonium lord
 93356 | Zig:5    | Identified the +7 morningstar "Lahodakh" {freeze, rC+
                  | Will++ rCorr Str-2}
 93361 | Zig:6    | Entered Level 6 of a ziggurat
 93569 | Zig:6    | Identified the +1 ring mail of Conscience {rPois}
 93579 | Zig:6    | Identified the +1 plate armour "Recwuqel" {Rampage rPois
                  | Str+3 Int-4}
 93584 | Zig:6    | Identified the +1 robe of the Villain {Str+6}
 93599 | Zig:7    | Entered Level 7 of a ziggurat
 93688 | Zig:8    | Entered Level 8 of a ziggurat
 93704 | Zig:8    | Noticed Hucroum the pandemonium lord
 93706 | Zig:8    | Killed Hucroum the pandemonium lord
 93809 | Zig:8    | Learned a level 9 spell: Polar Vortex
 93820 | Zig:9    | Entered Level 9 of a ziggurat
 93938 | Zig:9    | Identified the +4 morningstar "Murmur" {venom, Int+6}
 93944 | Zig:9    | Identified the +4 sling of Gumogase {freeze, ^Contam rPois
                  | Str+3 Int+3}
 93976 | Zig:10   | Entered Level 10 of a ziggurat
 94127 | Zig:11   | Entered Level 11 of a ziggurat
 94144 | Zig:11   | Reached skill level 15 in Ice Magic
 94152 | Zig:11   | Reached skill level 27 in Spellcasting
 94236 | Zig:11   | Identified the +10 broad axe of Distant Shores {venom,
                  | *Slow rPois rCorr Str+2}
 94244 | Zig:11   | Identified the +1 cloak of the Evil One {-Cast Harm +Inv
                  | rPois}
 94299 | Zig:12   | Entered Level 12 of a ziggurat
 94407 | Zig:12   | Identified the staff "Murmur" {rElec rF+ rN+ MP+9 Stlth+
                  | Fire}
 94436 | Zig:12   | Identified the +6 falchion "Raen" {heavy, Dex+5}
 94514 | Zig:13   | Entered Level 13 of a ziggurat
 94526 | Zig:13   | Noticed a dread lich
 94526 | Zig:13   | Noticed a dread lich
 94527 | Zig:13   | Noticed a dread lich
 94527 | Zig:13   | Noticed an ancient lich
 94528 | Zig:13   | Noticed an ancient lich
 94528 | Zig:13   | Noticed an ancient lich
 94528 | Zig:13   | Noticed a dread lich
 94529 | Zig:13   | Killed a dread lich
 94529 | Zig:13   | Killed a dread lich
 94529 | Zig:13   | Killed an ancient lich
 94529 | Zig:13   | Noticed a dread lich
 94530 | Zig:13   | Killed an ancient lich
 94530 | Zig:13   | Killed a dread lich
 94531 | Zig:13   | Killed an ancient lich
 94531 | Zig:13   | Killed a dread lich
 94532 | Zig:13   | Killed a dread lich
 94639 | Zig:13   | Identified the staff "Worm" {rC+ Dex+4 Ice}
 94646 | Zig:13   | Identified the maw talisman "Deqoteh" {Int+2 Stlth+}
 94651 | Zig:13   | Identified the staff of Enushar {rC+ Dex+3 Fire Ice}
 94715 | Zig:14   | Entered Level 14 of a ziggurat
 94728 | Zig:14   | Noticed a juggernaut
 94728 | Zig:14   | Noticed a juggernaut
 94734 | Zig:14   | Killed a juggernaut
 94734 | Zig:14   | Killed a juggernaut
 94842 | Zig:14   | Identified the +1 robe of the Original Sin {Stlth+
                  | Archmagi}
 94860 | Zig:14   | Identified the +6 morningstar of Xorineh {heavy, Will+
                  | Int+3}
 94861 | Zig:14   | Identified the +3 sling of Doubt {drain, *Slow rPois rN++
                  | SInv}
 94896 | Zig:15   | Entered Level 15 of a ziggurat
 95018 | Zig:15   | Found the +7 Spriggan's Knife {stab, EV+4 Stlth+}
 95110 | Zig:16   | Entered Level 16 of a ziggurat
 95159 | Zig:16   | Noticed an ancient lich
 95159 | Zig:16   | Noticed an ancient lich
 95160 | Zig:16   | Killed an ancient lich
 95160 | Zig:16   | Killed an ancient lich
 95161 | Zig:16   | Noticed a dread lich
 95161 | Zig:16   | Noticed a dread lich
 95161 | Zig:16   | Noticed an ancient lich
 95163 | Zig:16   | Killed a dread lich
 95163 | Zig:16   | Killed a dread lich
 95163 | Zig:16   | Noticed an ancient lich
 95164 | Zig:16   | Killed an ancient lich
 95165 | Zig:16   | Noticed an ancient lich
 95165 | Zig:16   | Killed an ancient lich
 95166 | Zig:16   | Noticed an ancient lich
 95167 | Zig:16   | Killed an ancient lich
 95168 | Zig:16   | Noticed a dread lich
 95169 | Zig:16   | Killed an ancient lich
 95175 | Zig:16   | Killed a dread lich
 95180 | Zig:16   | Found the +3 crown of Dyrovepreva {rElec Int+2 SInv}
 95297 | Zig:16   | Acquired 1009 gold pieces
 95370 | Zig:17   | Entered Level 17 of a ziggurat
 95472 | Zig:17   | Identified the dragon-blood talisman of Hobukago {rN+++
                  | Int+3}
 95475 | Zig:17   | Identified the +0 chain mail "Bybagh" {rElec rC+ Int-2}
 95476 | Zig:17   | Identified the staff "Siutus" {rElec rN++ Air}
 95480 | Zig:17   | Identified the +0 ring mail of Daffodils {Fly rCorr}
 95489 | Zig:17   | Identified the +7 short sword of Wyte {protect, rElec rC-
                  | Will- Dex+8}
 95549 | Zig:18   | Entered Level 18 of a ziggurat
 95567 | Zig:18   | Noticed a royal mummy
 95567 | Zig:18   | Noticed a royal mummy
 95568 | Zig:18   | Noticed a royal mummy
 95571 | Zig:18   | Killed a royal mummy
 95571 | Zig:18   | Killed a royal mummy
 95571 | Zig:18   | Killed a royal mummy
 95573 | Zig:18   | Noticed a royal mummy
 95574 | Zig:18   | Noticed a royal mummy
 95576 | Zig:18   | Noticed a royal mummy
 95577 | Zig:18   | Killed a royal mummy
 95577 | Zig:18   | Killed a royal mummy
 95579 | Zig:18   | Killed a royal mummy
 95640 | Zig:18   | Identified the +4 flail of Honesty {vamp, ^Drain rF+ rC++
                  | rN+}
 95644 | Zig:18   | Acquired a manual of Dodging
 95646 | Zig:18   | Identified the amulet of Gozag's Generosity {Reflect rCorr
                  | SH+5}
 95662 | Zig:18   | Identified the +0 plate armour of the Cartwright {Int+4
                  | Slay+4}
 95729 | Zig:19   | Entered Level 19 of a ziggurat
 95760 | Zig:19   | Reached skill level 10 in Dodging
 95788 | Zig:19   | Identified the amulet of Noteudwa {Acrobat rElec rN+ rCorr
                  | Str-5}
 95792 | Zig:19   | Identified the +0 plate armour of Afogoam {Regen+ Str+5}
 95798 | Zig:19   | Identified the +0 plate armour "Wuza Tie" {Fly Str+4}
 95888 | Zig:19   | Learned a level 5 spell: Yara's Violent Unravelling
 95895 | Zig:20   | Entered Level 20 of a ziggurat
 96007 | Zig:20   | Found the +9 sword of Zonguldrok {reap}
 96068 | Zig:20   | Identified the +8 dagger of the Summoning Sybil {pain,
                  | ^Contam rC+ Int+5}
 96093 | Zig:20   | Identified the +3 short sword of Xoysad {vamp, rC- Str+7
                  | Int-3 Dex+3}
 96189 | Zig:21   | Entered Level 21 of a ziggurat
 96199 | Zig:21   | Noticed a royal mummy
 96199 | Zig:21   | Noticed a royal mummy
 96200 | Zig:21   | Noticed a royal mummy
 96202 | Zig:21   | Noticed a royal mummy
 96203 | Zig:21   | Killed a royal mummy
 96203 | Zig:21   | Killed a royal mummy
 96203 | Zig:21   | Noticed a royal mummy
 96204 | Zig:21   | Reached skill level 1 in Shapeshifting
 96204 | Zig:21   | Killed a royal mummy
 96205 | Zig:21   | Killed a royal mummy
 96206 | Zig:21   | Killed a royal mummy
 96206 | Zig:21   | Noticed a royal mummy
 96208 | Zig:21   | Noticed a royal mummy
 96209 | Zig:21   | Noticed a royal mummy
 96209 | Zig:21   | Noticed a royal mummy
 96210 | Zig:21   | Killed a royal mummy
 96211 | Zig:21   | Noticed a royal mummy
 96211 | Zig:21   | Noticed a royal mummy
 96211 | Zig:21   | Noticed a royal mummy
 96211 | Zig:21   | Noticed a royal mummy
 96211 | Zig:21   | Noticed a royal mummy
 96212 | Zig:21   | Killed a royal mummy
 96213 | Zig:21   | Killed a royal mummy
 96213 | Zig:21   | Killed a royal mummy
 96213 | Zig:21   | Killed a royal mummy
 96213 | Zig:21   | Noticed a royal mummy
 96214 | Zig:21   | Killed a royal mummy
 96214 | Zig:21   | Killed a royal mummy
 96215 | Zig:21   | Killed a royal mummy
 96215 | Zig:21   | Killed a royal mummy
 96215 | Zig:21   | Killed a royal mummy
 96215 | Zig:21   | Noticed a royal mummy
 96217 | Zig:21   | Noticed a royal mummy
 96217 | Zig:21   | Noticed a royal mummy
 96219 | Zig:21   | Killed a royal mummy
 96220 | Zig:21   | Killed a royal mummy
 96220 | Zig:21   | Killed a royal mummy
 96220 | Zig:21   | Noticed a royal mummy
 96228 | Zig:21   | Killed a royal mummy
 96305 | Zig:21   | Identified the +4 leather armour of Xoaf {rPois rN+}
 96316 | Zig:21   | Identified the +6 short sword "Fuumn" {vamp, rPois}
 96317 | Zig:21   | Identified the staff "Orghuic" {Int+5 Necro Earth}
 96389 | Zig:21   | Reached skill level 5 in Shapeshifting
 96394 | Zig:21   | Reached skill level 15 in Dodging
 96405 | Zig:22   | Entered Level 22 of a ziggurat
 96437 | Zig:22   | Reached skill level 10 in Shapeshifting
 96521 | Zig:22   | Found the +8 mithril axe "Arga" {speed, Will+}
 96525 | Zig:22   | Identified the amulet of the Bellicose Date {Spirit rC+
                  | Will+}
 96535 | Zig:22   | Identified the +1 leather armour of Kimniute {-Tele Rampage
                  | Slay+2}
 96555 | Zig:22   | Identified the +3 flail of Desertification {pain, rC- Int+5
                  | Dex+3}
 96559 | Zig:22   | Identified the +5 falchion "Qodiug" {freeze, Will+ Str+3}
 96648 | Zig:23   | Entered Level 23 of a ziggurat
 96787 | Zig:23   | Found the +10 tower shield of Ignorance {rN+ Int-4}
 96825 | Zig:23   | Identified the +1 quarterstaff of Causality {elec, rF+++
                  | Str-4 Dex-5 Stlth+}
 96832 | Zig:24   | Entered Level 24 of a ziggurat
 96868 | Zig:24   | Reached skill level 15 in Shapeshifting
 96869 | Zig:24   | Killed an ancient lich
 97277 | Zig:24   | Found the +2 hood of the Assassin {Detect Stab+ Stlth++}
 97278 | Zig:24   | Found the +6 Majin-Bo {spellvamp, MP+6 Int+6}
 97347 | Zig:24   | Identified the +10 chain mail of Hedge Wizardry {rF+}
 97475 | Zig:25   | Entered Level 25 of a ziggurat
 97553 | Zig:25   | Found the +18 shield of the Gong {Loud rN+ Will+ rCorr
                  | EV-5}
 97588 | Zig:25   | Identified the +3 scale mail of Perfidy {rC+ Regen+ MP+9}
 97803 | Zig:26   | Entered Level 26 of a ziggurat
 97926 | Zig:26   | Got the Codex of the Gathered Fair Folk
 97949 | Zig:26   | Identified the +6 morningstar of Prudence {drain, Fly rN+}
 98012 | Zig:27   | Entered Level 27 of a ziggurat
 98285 | Zig:27   | Identified the +4 ring mail of the Cobbler {Int+4}
 98286 | Zig:27   | Identified the +1 hand axe "Fostrus" {freeze, rF++ Will+
                  | Str+3 Dex-4}
 98302 | Zig:27   | Identified the +2 hand axe of the Forging Seeker {speed,
                  | rPois rF+ Will+ rCorr}
 98310 | Zig:27   | Identified the +10 trident of Thoughtfulness {protect,
                  | ^Drain rC- Str+5 Int+8}
 98312 | Zig:27   | Identified the +4 great sword of Sharkskin {pain, SInv}
 98314 | Zig:27   | Identified the +5 halberd of Buidezaf {heavy, Dex+4}
 98813 | Tomb:1   | Entered Level 1 of the Tomb of the Ancients
 98842 | Tomb:1   | Noticed a royal mummy
 98844 | Tomb:1   | Noticed a royal mummy
 98845 | Tomb:1   | Noticed a royal mummy
 98848 | Tomb:1   | Noticed a royal mummy
 98848 | Tomb:1   | Noticed a royal mummy
 98850 | Tomb:1   | Killed a royal mummy
 98850 | Tomb:1   | Killed a royal mummy
 98851 | Tomb:1   | Reached skill level 10 in Armour
 98851 | Tomb:1   | Noticed a royal mummy
 98851 | Tomb:1   | Killed a royal mummy
 98852 | Tomb:1   | Killed a royal mummy
 98852 | Tomb:1   | Killed a royal mummy
 98856 | Tomb:1   | Killed a royal mummy
 98859 | Tomb:1   | Noticed a royal mummy
 98860 | Tomb:1   | Noticed a royal mummy
 98860 | Tomb:1   | Noticed a royal mummy
 98862 | Tomb:1   | Killed a royal mummy
 98862 | Tomb:1   | Noticed a royal mummy
 98864 | Tomb:1   | Killed a royal mummy
 98864 | Tomb:1   | Killed a royal mummy
 98865 | Tomb:1   | Noticed a royal mummy
 98867 | Tomb:1   | Killed a royal mummy
 98872 | Tomb:1   | Killed a royal mummy
 98875 | Tomb:1   | Noticed a royal mummy
 98880 | Tomb:1   | Killed a royal mummy
 98937 | Tomb:2   | Noticed a royal mummy
 98938 | Tomb:2   | Noticed a royal mummy
 98940 | Tomb:2   | Noticed a royal mummy
 98940 | Tomb:2   | Noticed a royal mummy
 98942 | Tomb:2   | Killed a royal mummy
 98943 | Tomb:2   | Killed a royal mummy
 98944 | Tomb:2   | Killed a royal mummy
 98945 | Tomb:2   | Killed a royal mummy
 99070 | Tomb:2   | Identified the +0 rapier of Grim False Accusations {holy,
                  | SInv}
 99228 | Tomb:2   | Identified the +2 shortbow of Dismemberment {drain,
                  | ^Fragile Fly rElec Dex+6}
 99387 | Tomb:3   | Entered Level 3 of the Tomb of the Ancients
 99396 | Tomb:3   | Reached skill level 27 in Fire Magic
 99396 | Tomb:3   | Noticed a royal mummy
 99399 | Tomb:3   | Noticed a royal mummy
 99400 | Tomb:3   | Killed a royal mummy
 99402 | Tomb:3   | Killed a royal mummy
 99409 | Tomb:3   | Noticed a royal mummy
 99410 | Tomb:3   | Noticed a royal mummy
 99414 | Tomb:3   | Killed a royal mummy
 99415 | Tomb:3   | Killed a royal mummy
 99452 | Tomb:3   | Noticed a royal mummy
 99452 | Tomb:3   | Noticed a royal mummy
 99454 | Tomb:3   | Noticed a royal mummy
 99455 | Tomb:3   | Killed a royal mummy
 99457 | Tomb:3   | Noticed a royal mummy
 99458 | Tomb:3   | Killed a royal mummy
 99459 | Tomb:3   | Reached skill level 5 in Throwing
 99462 | Tomb:3   | Killed a royal mummy
 99466 | Tomb:3   | Killed a royal mummy
 99535 | Tomb:3   | Identified the staff of Innocence {rPois rF+ Int+3 Stlth-
                  | Necro Fire}
 99553 | Tomb:3   | Identified the +6 arbalest of Deformation {penet, rElec
                  | rPois rN+++ Dex-5 Stlth-}
 99587 | Tomb:3   | Identified the amulet of Natua {Rampage *Slow rC+ Regen+
                  | Stlth+}
 99588 | Tomb:3   | Identified the +3 glaive "Netehaox" {pain, *Slow rN+ Str+4
                  | Dex+3}
 99601 | Tomb:3   | Identified the +0 scale mail "Waps" {Harm *Corrode rC++
                  | MP+9}
 99686 | Tomb:3   | Got a golden rune of Zot
 99743 | Tomb:3   | Got a sanguine gem with 779 turns to spare
100166 | Tomb:1   | Noticed a royal mummy
100168 | Tomb:1   | Killed a royal mummy
100169 | Tomb:1   | Noticed a royal mummy
100170 | Tomb:1   | Noticed a royal mummy
100170 | Tomb:1   | Noticed a royal mummy
100171 | Tomb:1   | Noticed a royal mummy
100174 | Tomb:1   | Noticed a royal mummy
100175 | Tomb:1   | Killed a royal mummy
100175 | Tomb:1   | Killed a royal mummy
100176 | Tomb:1   | Killed a royal mummy
100176 | Tomb:1   | Killed a royal mummy
100178 | Tomb:1   | Killed a royal mummy
100494 | Crypt:3  | Gained mutation: You occasionally shout uncontrollably at
                  | your foes. [potion of mutation]
100495 | Crypt:3  | Lost mutation: You occasionally shout uncontrollably at
                  | your foes. [potion of mutation]
100495 | Crypt:3  | Gained mutation: You are partially covered in iridescent
                  | scales. (AC +2) [potion of mutation]
100495 | Crypt:3  | Gained mutation: You passively map a small area around you.
                  | [potion of mutation]
100495 | Crypt:3  | Gained mutation: You are dopey. (Int -2) [potion of
                  | mutation]
100496 | Crypt:3  | Lost mutation: You are dopey. (Int -2) [potion of mutation]
100496 | Crypt:3  | Lost mutation: You passively map a small area around you.
                  | [potion of mutation]
100496 | Crypt:3  | Gained mutation: You are clumsy. (Dex -2) [potion of
                  | mutation]
100496 | Crypt:3  | Gained mutation: Your natural rate of healing is unusually
                  | fast. [potion of mutation]
100905 | Pan      | Entered the realm of Gloorx Vloq.
100905 | Pan      | Entered Pandemonium
101212 | Pan      | Learned a level 9 spell: Chain Lightning
101244 | Pan      | Noticed Gloorx Vloq
101248 | Pan      | Killed Gloorx Vloq
101249 | Pan      | Reached skill level 1 in Air Magic
101287 | Pan      | Got a dark rune of Zot
101331 | Pan      | Identified the amulet "Kixaj" {Harm Regen+ Stlth+}
101342 | Pan      | Found an exit through the horrors of the Abyss.
101358 | Pan      | Noticed Lesk the pandemonium lord
101435 | Pan      | Noticed Uxaitzese the pandemonium lord
101442 | Pan      | Killed Uxaitzese the pandemonium lord
101450 | Pan      | Identified the flux talisman of Makhleb's Favour {rPois rC+
                  | Dex+2}
101457 | Pan      | Reached skill level 5 in Air Magic
101493 | Pan      | Noticed Hustiasm the pandemonium lord
101505 | Pan      | Killed Hustiasm the pandemonium lord
101507 | Pan      | Got a demonic rune of Zot
101522 | Pan      | Found an exit through the horrors of the Abyss.
101533 | Pan      | Noticed Yshum the pandemonium lord
101539 | Pan      | Killed Yshum the pandemonium lord
101659 | Pan      | Noticed Qohaer the pandemonium lord
101666 | Pan      | Killed Qohaer the pandemonium lord
101702 | Pan      | Reached skill level 10 in Translocations
101752 | Pan      | Identified the +6 war axe of Conflict {protect, Dex+5}
101796 | Pan      | Noticed Taoc the pandemonium lord
101799 | Pan      | Killed Taoc the pandemonium lord
101860 | Pan      | Found a corrupted altar of Lugonu.
102082 | Pan      | Entered the realm of Mnoleg.
102086 | Pan      | Reached skill level 27 in Conjurations
102090 | Pan      | Acquired 705 gold pieces
102091 | Pan      | Noticed Mnoleg
102102 | Pan      | Killed Mnoleg
102206 | Pan      | Reached skill level 10 in Air Magic
102214 | Pan      | Got a glowing rune of Zot
102289 | Pan      | Found a white marble altar of Elyvilon.
102436 | Pan      | Entered the realm of Lom Lobon.
102461 | Pan      | Noticed Lom Lobon
102673 | Pan      | Killed Lom Lobon
102742 | Pan      | Got a magical rune of Zot
102855 | Pan      | Found an exit through the horrors of the Abyss.
103015 | Pan      | Entered the realm of Cerebov.
103053 | Pan      | Identified the ring "Zewk" {^Drain rElec rC+ rCorr Int+6}
103181 | Pan      | Found the +6 sword of Cerebov {flame}
103181 | Pan      | Noticed Cerebov
103277 | Pan      | Killed Cerebov
103297 | Pan      | Got a fiery rune of Zot
103356 | Pan      | Identified the +1 chain mail "Ryotzu" {*Corrode rN+++ Str+3
                  | Dex-4}
103368 | Pan      | Identified the +0 leather armour of Oblivion {rElec}
103608 | Pan      | Reached skill level 15 in Air Magic
103916 | Pan      | Identified the +6 scale mail of the Cockatrice {MP+9 Int+6}
104284 | Pan      | Noticed Maqetsem the pandemonium lord
104288 | Pan      | Killed Maqetsem the pandemonium lord
104359 | Pan      | Noticed Gav Leagru the pandemonium lord
104364 | Pan      | Killed Gav Leagru the pandemonium lord
104368 | Pan      | Found a huge runed translucent gate.
104368 | Pan      | Found a huge runed translucent gate.
104368 | Pan      | Found a huge runed translucent gate.
104368 | Pan      | Found a huge runed translucent gate.
104368 | Pan      | Found a huge runed translucent gate.
104369 | Pan      | Found a huge runed translucent gate.
104371 | Pan      | Found a huge runed translucent gate.
104911 | Pan      | Found an exit through the horrors of the Abyss.
104918 | Pan      | Took an exit into the Abyss.
104918 | Abyss:1  | Escaped into the Abyss
104918 | Abyss:1  | Found a corrupted altar of Lugonu.
105177 | Abyss:3  | Noticed a dread lich
105177 | Abyss:3  | Noticed an ancient lich
105180 | Abyss:3  | Killed a dread lich
105182 | Abyss:3  | Killed an ancient lich
105185 | Abyss:3  | Got an abyssal rune of Zot
105188 | Depths:2 | Escaped the Abyss
105209 | Hell     | Entered the Vestibule of Hell
105209 | Hell     | Noticed Geryon
105215 | Hell     | Killed Geryon
105239 | Hell     | Found a gateway to the ashen valley of Gehenna.
105322 | Geh:1    | Entered Level 1 of Gehenna
105332 | Geh:2    | Noticed a juggernaut
105336 | Geh:2    | Killed a juggernaut
105338 | Geh:2    | Noticed a juggernaut
105339 | Geh:2    | Noticed a juggernaut
105344 | Geh:2    | Killed a juggernaut
105344 | Geh:2    | Killed a juggernaut
105370 | Geh:2    | Noticed a juggernaut
105375 | Geh:2    | Killed a juggernaut
105455 | Geh:2    | Noticed a juggernaut
105458 | Geh:2    | Killed a juggernaut
105488 | Geh:2    | Noticed a juggernaut
105491 | Geh:2    | Noticed a juggernaut
105492 | Geh:2    | Killed a juggernaut
105499 | Geh:2    | Killed a juggernaut
105500 | Geh:2    | Noticed a juggernaut
105503 | Geh:2    | Noticed a juggernaut
105507 | Geh:2    | Killed a juggernaut
105508 | Geh:2    | Killed a juggernaut
105893 | Geh:5    | Noticed a dread lich
105896 | Geh:5    | Killed a dread lich
105913 | Geh:5    | Learned a level 2 spell: Sublimation of Blood
105988 | Geh:6    | Reached skill level 1 in Necromancy
106032 | Geh:7    | Entered Level 7 of Gehenna
106194 | Geh:7    | Reached skill level 5 in Necromancy
106225 | Geh:7    | Noticed the Serpent of Hell
106231 | Geh:7    | Killed the Serpent of Hell
106316 | Geh:7    | Found the +13 sceptre of Asmodeus
106316 | Geh:7    | Noticed Asmodeus
106326 | Geh:7    | Killed Asmodeus
106352 | Geh:7    | Got an obsidian rune of Zot
106501 | Hell     | Found a gateway to the freezing wastes of Cocytus.
106604 | Coc:1    | Entered Level 1 of Cocytus
106751 | Coc:4    | Reached skill level 10 in Necromancy
106958 | Coc:7    | Entered Level 7 of Cocytus
107038 | Coc:7    | Noticed Antaeus
107041 | Coc:7    | Reached skill level 15 in Necromancy
107046 | Coc:7    | Killed Antaeus
107067 | Coc:7    | Got an icy rune of Zot
107171 | Hell     | Found a gateway to the Iron City of Dis.
107244 | Dis:1    | Entered Level 1 of the Iron City of Dis
107664 | Dis:3    | Found a huge runed translucent gate.
107664 | Dis:3    | Found a huge runed translucent gate.
107664 | Dis:3    | Found a huge runed translucent gate.
107664 | Dis:3    | Found a huge runed translucent gate.
107668 | Dis:3    | Found a huge runed translucent gate.
107668 | Dis:3    | Found a huge runed translucent gate.
107669 | Dis:3    | Found a huge runed translucent gate.
107670 | Dis:3    | Found a huge runed translucent gate.
107671 | Dis:3    | Found a huge runed translucent gate.
107671 | Dis:3    | Found a huge runed translucent gate.
107672 | Dis:3    | Found a huge runed translucent gate.
107672 | Dis:3    | Found a huge runed translucent gate.
107673 | Dis:3    | Found a huge runed translucent gate.
107673 | Dis:3    | Found a huge runed translucent gate.
107674 | Dis:3    | Found a huge runed translucent gate.
107674 | Dis:3    | Found a huge runed translucent gate.
107674 | Dis:3    | Found a huge runed translucent gate.
107674 | Dis:3    | Found a huge runed translucent gate.
107674 | Dis:3    | Found a huge runed translucent gate.
107674 | Dis:3    | Found a huge runed translucent gate.
107674 | Dis:3    | Found a huge runed translucent gate.
107674 | Dis:3    | Found a huge runed translucent gate.
107933 | Dis:5    | Found a huge runed translucent gate.
107933 | Dis:5    | Found a huge runed translucent gate.
107933 | Dis:5    | Found a huge runed translucent gate.
107933 | Dis:5    | Found a huge runed translucent gate.
107933 | Dis:5    | Found a huge runed translucent gate.
107934 | Dis:5    | Found a huge runed translucent gate.
107934 | Dis:5    | Found a huge runed translucent gate.
107935 | Dis:5    | Found a huge runed translucent gate.
107935 | Dis:5    | Found a huge runed translucent gate.
107938 | Dis:5    | Found a huge runed translucent gate.
107938 | Dis:5    | Found a huge runed translucent gate.
107938 | Dis:5    | Found a huge runed translucent gate.
107939 | Dis:5    | Found a huge runed translucent gate.
107940 | Dis:5    | Found a huge runed translucent gate.
107940 | Dis:5    | Found a huge runed translucent gate.
107940 | Dis:5    | Found a huge runed translucent gate.
107941 | Dis:5    | Found a huge runed translucent gate.
107941 | Dis:5    | Found a huge runed translucent gate.
107942 | Dis:5    | Found a huge runed translucent gate.
107942 | Dis:5    | Found a huge runed translucent gate.
107944 | Dis:5    | Found a huge runed translucent gate.
107946 | Dis:5    | Found a huge runed translucent gate.
107947 | Dis:5    | Found a huge runed translucent gate.
107948 | Dis:5    | Found a huge runed translucent gate.
107948 | Dis:5    | Found a huge runed translucent gate.
107948 | Dis:5    | Found a huge runed translucent gate.
107948 | Dis:5    | Found a huge runed translucent gate.
107948 | Dis:5    | Found a huge runed translucent gate.
107948 | Dis:5    | Found a huge runed translucent gate.
107948 | Dis:5    | Found a huge runed translucent gate.
107961 | Dis:5    | Found a huge runed translucent gate.
107962 | Dis:5    | Found a huge runed translucent gate.
107963 | Dis:5    | Found a huge runed translucent gate.
107963 | Dis:5    | Found a huge runed translucent gate.
107963 | Dis:5    | Found a huge runed translucent gate.
107963 | Dis:5    | Found a huge runed translucent gate.
108185 | Dis:7    | Entered Level 7 of the Iron City of Dis
108199 | Dis:7    | Noticed Dispater
108328 | Dis:7    | Identified the orb of Abstinence {mayhem, rCorr Str+3}
108368 | Dis:7    | Reached skill level 27 in Air Magic
108384 | Dis:7    | Got an iron rune of Zot
108465 | Hell     | Found a gateway to the decaying netherworld of Tartarus.
108531 | Tar:1    | Entered Level 1 of Tartarus
108983 | Abyss:4  | Cast into level 4 of the Abyss (profane servitor)
109119 | Tar:5    | Escaped the Abyss
109220 | Tar:6    | Reached skill level 1 in Staves
109690 | Tar:7    | Entered Level 7 of Tartarus
109731 | Tar:7    | Reached skill level 10 in Throwing
109833 | Tar:7    | Noticed Ereshkigal
109840 | Tar:7    | Killed Ereshkigal
109851 | Tar:7    | Reached skill level 5 in Staves
109854 | Tar:7    | Got a bone rune of Zot
110011 | Zot:1    | Entered Level 1 of the Realm of Zot
110362 | Zot:2    | Noticed a dread lich
110364 | Zot:2    | Killed a dread lich
110381 | Zot:4    | Found a transporter.
110406 | Zot:5    | Entered Level 5 of the Realm of Zot
110426 | Zot:5    | Noticed an ancient lich
110428 | Zot:5    | Killed an ancient lich
110428 | Zot:5    | Noticed an orb of fire
110428 | Zot:5    | Noticed an orb of fire
110433 | Zot:5    | Killed an orb of fire
110434 | Zot:5    | Killed an orb of fire
110435 | Zot:5    | Noticed an ancient lich
110439 | Zot:5    | Killed an ancient lich
110465 | Zot:5    | Noticed an orb of fire
110469 | Zot:5    | Killed an orb of fire
110473 | Zot:5    | Noticed an orb of fire
110476 | Zot:5    | Killed an orb of fire
110481 | Zot:5    | Noticed an orb of fire
110488 | Zot:5    | Killed an orb of fire
110501 | Zot:5    | Noticed an orb of fire
110508 | Zot:5    | Gained mutation: You occasionally lose the ability to read
                  | scrolls when taking damage. [an orb of fire]
110512 | Zot:5    | Gained mutation: Your spells are a little easier to cast,
                  | but a little less powerful. [an orb of fire]
110518 | Zot:5    | Killed an orb of fire
110663 | Zot:5    | Got the Orb of Zot
110741 | Zot:2    | Reached skill level 10 in Staves
110803 | Depths:4 | Noticed Diemimid the pandemonium lord
110804 | Depths:4 | Killed Diemimid the pandemonium lord
110809 | Depths:4 | Noticed a seraph
110815 | Depths:4 | Killed a seraph
110823 | Depths:4 | Noticed Vomuca the pandemonium lord
110826 | Depths:4 | Killed Vomuca the pandemonium lord
111196 | D:$      | Escaped with the Orb!

Illustrated notes

Levels and vault maps discovered:
D:1:      scummos_arrival_gate, layout_rooms, minmay_tree_intersection
D:2:      layout_rooms, nicolae_houndstooth_variations
D:3:      layout_loops_ring
D:4:      layout_cave_pools, serial_undead, serial_undead_f, serial_undead_f,
          serial_undead_c, serial_undead_f
D:5:      cheibrodos_two_vegetables, layout_basic, portal_sewer_entry_b
D:6:      layout_rooms, uniq_menkaure, uniq_sigmund
D:7:      layout_basic, minmay_temple_entry_glassed_door
D:8:      layout_gridville, due_lair_maze_entry_diamond
D:9:      cheibrodos_ideogram_h, layout_stronghold,
          pdpol_wu_jian_five_deadly_venoms, enter_bailey_6, serial_shops,
          nicolae_shop_drivethru
D:10:     cheibrodos_fzero, layout_long_grid, xom_shifter_show, orc_0_dummy,
          uniq_urug
D:11:     layout_long_grid
D:12:     layout_loops_ring, fedhas_altar_4
D:13:     layout_basic, david_vaults_4
D:14:     layout_irregular_city, uniq_frances, uniq_jorgrun
D:15:     hellmonk_depths_entry_around_the_bend, layout_long_grid, serial_bayou,
          serial_bayou_shore_a, serial_bayou_pond_b, serial_bayou_lake_a,
          serial_bayou_pond_e
Temple:   nicolae_temple_bog_church
Lair:1:   layout_hall_layers, infiniplex_staircase_pool, lemuel_fruit_fields,
          uniq_nergalle
Lair:2:   layout_regular_city, elwin_shoals_entry_rocks, st_stairs_12
Lair:3:   layout_cave_pods, spider_nest_entry_webs,
          lightli_volcano_entry_magma_tube, uniq_kirke, uniq_josephine
Lair:4:   layout_regular_city, gauntlet_entry_generic, kilobyte_rumbling_trees,
          grunt_megastairs_5, uniq_rupert
Lair:5:   due_jungle_book, layout_regular_city, slime_entry_2,
          nicolae_lair_yak_garden
Shoals:1: dreamdust_from_the_deep, layout_shoals
Shoals:2: layout_shoals
Shoals:3: layout_shoals, uniq_mara, uniq_nikola
Shoals:4: shoals_end_hangedman, layout_shoals, nicolae_shoals_bring_sunscreen
Spider:1: layout_spider_delve, guppyfry_hornet_nest, uniq_aizul
Spider:2: layout_spider_delve
Spider:3: layout_cave_pods, uniq_arachne, uniq_agnes
Spider:4: spider_rune_water, uniq_bai_suzhen, uniq_asterion
Slime:1:  nicolae_slime_infinislime, layout_caves
Slime:2:  cheibrodos_slime_lost_civilization_9, layout_caves,
          nicolae_slime_getting_an_eyeful
Slime:3:  cheibrodos_slime_lost_civilization_2, layout_caves
Slime:4:  layout_caves
Slime:5:  slime_pit_nicolae_inversion
Orc:1:    layout_diamond_mine
Orc:2:    st_orc_pillars, layout_caves, serial_shops, shop, uniq_sonja,
          uniq_snorg
Elf:1:    layout_loops_cross, serial_shops, shop, nicolae_elf_shapeshifter_party
Elf:2:    elven_hall_of_blades_hangedman_original
          [nicolae_blade_entry_diamond_columns], layout_geoelf_octagon,
          serial_shops, shop, lemuel_elevator
Elf:3:    minmay_elf_hall_quartered_circle, layout_geoelf_octagon, serial_shops,
          shop, shop, minmay_misc_feat_rows
Vaults:1: nicolae_vaults_network_quinsquares
          [nicolae_vaults_network_quincunx_subvault,
          nicolae_vaults_network_quincunx_subvault,
          nicolae_vaults_network_quincunx_subvault,
          nicolae_vaults_network_quincunx_subvault],
          nicolae_vaults_layer_cake_slice, v_alt_pattern_1,
          nicolae_vaults_prndl, ontoclasm_vaults_shuriken,
          layout_vaults_omnigrid, serial_shops, nicolae_shop_dealshenge
Vaults:2: vaults_dpeg_spiral, v_misc_22, nicolae_vaults_turnstiles,
          nicolae_vaults_network_star, nicolae_vaults_double_plus_1,
          dpeg_vaults_waves, nicolae_vaults_shelves_hall,
          hangedman_vaults_slice, hangedman_vaults_slice,
          ontoclasm_vaults_pinch, nicolae_vaults_two_Ls,
          dpeg_vaults_monster_box, nicolae_vaults_stairing_the_circle,
          vaults_dpeg_encased_lava, nicolae_vaults_asterisk, layout_vaults_ring,
          blue_anna_dwarven_crypt, serial_shops, nicolae_shop_behind_doors
Vaults:3: portal_desolation_entry_nicolae_slug,
          nicolae_vaults_storage_closets_3, st_greater_box_1, v_misc_12,
          v_misc_24, nicolae_vaults_house_1, hangedman_vaults_impose,
          nicolae_vaults_twisting_passages, nicolae_vaults_surprise_closet,
          nicolae_vaults_sealed_display, ontoclasm_vaults_ring_square,
          vaults_room_pool, hangedman_vaults_impose, nicolae_vaults_diamond_1,
          nicolae_vaults_diagonal_hallway_8, vaults_room_fours,
          vaults_dpeg_doors, layout_vaults_omnibox, serial_shops, shop
Vaults:4: nicolae_vaults_little_squares_1, vaults_mumra_minichess_inversion,
          v_misc_22, nicolae_vaults_house_1, vaults_mumra_lcd,
          ontoclasm_vaults_decontamination, layout_vaults_big_room
Vaults:5
Crypt:1:  layout_basic, minivault_19, grunt_crypt_arrival_guarded_gate,
          uniq_grunn
Crypt:2:  layout_basic, uniq_margery
Crypt:3:  david_glass_crypt, layout_gridlike, tomb_entry_pyramid_bobbens
Tomb:1
Tomb:2
Tomb:3
Depths:1: nicolae_legendary_halls, layout_basic, pf_dread_powers_of_hell,
          minivault_11, nicolae_vehumet_radiance
Depths:2: minmay_the_grid_four_pointed_star_mashed
          [minmay_the_grid_triangle_9x9_semitri,
          minmay_the_grid_triangle_9x9_warning,
          minmay_the_grid_triangle_9x9_thin_v,
          minmay_the_grid_triangle_9x9_windchime,
          minmay_the_grid_prize_trominoes], layout_cave_shapes,
          rand_demon_pan_entry_5, abyss_entry, grunt_hell_horde
Depths:3: evilmike_silver_temple, layout_gridlike, nicolae_hexahallways,
          abyss_entry, hell_entry, serial_shops,
          nicolae_shop_bloodbath_and_beyond, uniq_josephina
Depths:4: grunt_crosshair, layout_gridlike, enter_ziggurat_e, hell_entry,
          serial_shops, nicolae_shop_waterfront, nicolae_shop_stone,
          nicolae_diamond_shop, shop_statue, shop, st_stairs_6, uniq_jory
Hell
Dis:1:    layout_gridville
Dis:2:    layout_gridville, glass_columns_a, nicolae_dis_step_into_the_octagon
Dis:3:    layout_subdivisions, hangedman_dis_decor_tower, door_vault
Dis:4:    layout_gridville
Dis:5:    layout_subdivisions, hangedman_dis_chains, not_door_vault_due
Dis:6:    layout_gridville
Dis:7:    dis_grunt_layers
Geh:1:    layout_gehenna_pools_triple
Geh:2:    nicolae_hells_titanomachy
Geh:3:    layout_gehenna_pools_basic, nicolae_hells_seeping_fissure
Geh:4:    layout_gehenna_lava_caves
Geh:5:    layout_gehenna_lava_caves
Geh:6:    layout_gehenna_lava_caves
Geh:7:    evilmike_geh
Coc:1:    layout_ice_bergs
Coc:2:    layout_ice_bergs
Coc:3:    layout_ice_bergs
Coc:4:    layout_cocytus_water_paths
Coc:5:    layout_ice_bergs
Coc:6:    nicolae_hells_demon_pit, layout_cocytus_water_paths
Coc:7:    coc_hangedman
Tar:1:    layout_grid_maze, nicolae_hells_hurtin_island
Tar:2:    layout_grid_maze
Tar:3:    layout_cathedral_of_symmetry
Tar:4:    nicolae_tar_honey_stairs, layout_cathedral_of_symmetry
Tar:5:    layout_grid_maze
Tar:6:    layout_cathedral_of_symmetry, nicolae_hells_seeping_fissure
Tar:7:    tar_mu [tar_mu_maze]
Zot:1:    layout_gridlike, regret_index_zotdec_stipple_waver, basic_altar
Zot:2:    hellmonk_paralyzer, layout_onion_interference, hellmonk_body_bag
Zot:3:    layout_cathedral_of_symmetry, hangedman_zot_gyre
Zot:4:    layout_twisted_circle, gammafunk_ghost_mausoleum,
          nicolae_transporter_circle
Zot:5:    layout_gridlike

Skill      XL: |  1  2  3  4  5  6  7  8  9 10 11 12 13 14 15 16 17 18 19 20 21 22 23 24 25 26 27 |
---------------+----------------------------------------------------------------------------------+-----
Spellcasting   | 2 3 4 5 6 7 9 10 13 14 15 16 18 27 | 27.0
Conjurations   | 4 5 6 8 9 10 11 12 14 15 16 17 18 20 21 22 27 | 27.0
Hexes          | 1 2 4 6 |  6.0
Fire Magic     | 1 2 3 5 6 7 8 12 15 17 19 20 22 27 | 27.0
Fighting       | 4 5 8 9 10 11 12 26 | 26.6
Translocations | 3 4 6 7 12 | 12.0
Alchemy        | 2 |  2.0
Evocations     | 2 6 8 11 12 18 | 18.8
Throwing       | 2 13 | 13.9
Dodging        | 2 4 6 8 17 | 17.0
Stealth        | 2 |  2.0
Armour         | 3 5 6 8 13 | 13.4
Earth Magic    | 6 7 8 9 10 11 25 | 25.1
Ice Magic      | 25 | 25.1
Shapeshifting  | 25 | 25.4
Air Magic      | 27 | 27.0
Necromancy     | 15 | 15.0
Staves         | 10 | 10.4

Action                     |  1- 3 |  4- 6 |  7- 9 | 10-12 | 13-15 | 16-18 | 19-21 | 22-24 | 25-27 || total
---------------------------+-------+-------+-------+-------+-------+-------+-------+-------+-------++-------
  Melee: Unarmed           |    30 |       |       |       |       |       |       |       |       ||    30
         Staff             |       |       |    19 |    42 |   217 |   293 |    67 |    58 |   333 ||  1029
         Whip              |       |       |    11 |    15 |       |       |       |       |       ||    26
         Spear             |       |       |       |       |       |       |     1 |    59 |    41 ||   101
         Morningstar       |       |       |       |       |       |       |       |       |     5 ||     5
  Throw: Dart              |     2 |       |    16 |    72 |    74 |     5 |       |     2 |     1 ||   172
         Throwing net      |       |       |       |     4 |       |       |       |       |       ||     4
   Cast: Magic Dart        |    64 |    50 |    95 |       |       |       |       |       |       ||   209
         Searing Ray       |     1 |    13 |    54 |    83 |    47 |       |       |       |       ||   198
         Fulminant Prism   |       |       |    12 |    38 |    66 |     3 |     1 |       |     4 ||   124
         Inner Flame       |       |       |    12 |    64 |    84 |    15 |       |       |       ||   175
         Iskenderun's Myst |       |       |       |    42 |    49 |    21 |    19 |    13 |     1 ||   145
         Foxfire           |       |       |       |    10 |     4 |     2 |       |       |       ||    16
         Sticky Flame      |       |       |       |    19 |   100 |    44 |    41 |    24 |    28 ||   256
         Passage of Golubr |       |       |       |       |     5 |     2 |       |       |     4 ||    11
         Fireball          |       |       |       |       |   124 |   341 |   370 |   224 |   134 ||  1193
         Orb of Destructio |       |       |       |       |     1 |    68 |    44 |    39 |    41 ||   193
         Blink             |       |       |       |       |       |     5 |     4 |     1 |    16 ||    26
         Starburst         |       |       |       |       |       |    21 |    53 |   132 |    83 ||   289
         Bombard           |       |       |       |       |       |       |    40 |   195 |   311 ||   546
         Apportation       |       |       |       |       |       |       |       |     1 |    39 ||    40
         Ignition          |       |       |       |       |       |       |       |    62 |   324 ||   386
         Passwall          |       |       |       |       |       |       |       |     2 |     6 ||     8
         Shatter           |       |       |       |       |       |       |       |       |   880 ||   880
         Fire Storm        |       |       |       |       |       |       |       |       |   381 ||   381
         Polar Vortex      |       |       |       |       |       |       |       |       |   245 ||   245
         Chain Lightning   |       |       |       |       |       |       |       |       |   139 ||   139
         Lehudib's Crystal |       |       |       |       |       |       |       |       |    28 ||    28
         Yara's Violent Un |       |       |       |       |       |       |       |       |     8 ||     8
Ability: Begin Untransform |       |       |       |       |       |       |       |       |     6 ||     6
  Evoke: Wand              |       |       |       |    13 |     9 |    18 |     3 |    14 |    50 ||   107
         Lightning rod     |       |       |       |       |       |     4 |     8 |     7 |    13 ||    32
         Tin of tremorston |       |       |       |       |       |       |     2 |     2 |     7 ||    11
         Phial of floods   |       |       |       |       |       |       |     1 |       |     2 ||     3
         Box of beasts     |       |       |       |       |       |       |       |     1 |     5 ||     6
         Figurine of a zig |       |       |       |       |       |       |       |       |     3 ||     3
         Phantom mirror    |       |       |       |       |       |       |       |       |     1 ||     1
    Use: Scroll            |       |       |       |    18 |    15 |     9 |     2 |     4 |    84 ||   132
         Potion            |       |       |       |     1 |     2 |     4 |     2 |     9 |    78 ||    96
   Stab: Paralysed         |       |       |       |       |       |       |     4 |       |       ||     4
         Distracted        |       |       |       |       |       |       |       |     1 |       ||     1
         Invisible         |       |       |       |       |       |       |       |       |     6 ||     6
 Armour: Robe              |    30 |    14 |    86 |    61 |       |       |       |       |       ||   191
         Troll leather arm |       |       |       |   129 |   115 |       |       |       |       ||   244
         Leather armour    |       |       |       |       |   238 |       |       |       |       ||   238
         Scale mail        |       |       |       |       |    20 |   295 |   275 |   392 |  1440 ||  2422
         Swamp dragon scal |       |       |       |       |       |       |       |       |   176 ||   176
         Skin              |       |       |       |       |       |       |       |       |    59 ||    59
  Dodge: Dodged            |    45 |    12 |    74 |   128 |   331 |   234 |   153 |   276 |  1232 ||  2485
  Block: Buckler           |       |       |       |    33 |    20 |       |       |       |       ||    53
   Form: Death             |       |       |       |       |       |       |       |       |     6 ||     6

Table legend: (Time is in decaauts)
 A = Elapsed time spent in this place.
 B = Non-inter-level travel time spent in this place.
 C = Inter-level travel time spent in this place.
 D = Time resting spent in this place.
 E = Time spent auto-exploring this place.
 F = Levels seen in this place.
 G = Mean time per level.
                   A        B        C        D        E       F      G
               +--------+--------+--------+--------+--------+-----+--------+
         Total | 112207 | 104856 |   7351 |   6753 |  76095 | 171 |  656.2 |
       Dungeon |  22865 |  20460 |   2405 |   1130 |  16353 |  15 | 1524.3 |
        Temple |     39 |     24 |     15 |      0 |      0 |   1 |   39.0 |
          Lair |   9190 |   8294 |    896 |    751 |   5998 |   5 | 1838.0 |
        Shoals |   6582 |   6293 |    289 |    673 |   4772 |   4 | 1645.5 |
   Spider Nest |   7068 |   6675 |    393 |   1449 |   4312 |   4 | 1767.0 |
    Slime Pits |   4613 |   4418 |    195 |    369 |   3337 |   5 |  922.6 |
  Orcish Mines |   3311 |   2640 |    671 |      0 |   2068 |   2 | 1655.5 |
   Elven Halls |   5048 |   4835 |    213 |    438 |   3707 |   3 | 1682.7 |
        Vaults |  11050 |  10311 |    739 |    172 |   8860 |   5 | 2210.0 |
         Crypt |   6197 |   5623 |    574 |    378 |   4521 |   3 | 2065.7 |
          Tomb |   1794 |   1768 |     26 |      0 |   1253 |   3 |  598.0 |
        Depths |   9000 |   8234 |    766 |      6 |   6917 |   4 | 2250.0 |
          Hell |    678 |    655 |     23 |    195 |    120 |   1 |  678.0 |
           Dis |   1174 |   1127 |     47 |     63 |    650 |   7 |  167.7 |
       Gehenna |   1129 |   1105 |     24 |     95 |    461 |   7 |  161.3 |
       Cocytus |    515 |    515 |      0 |     98 |     69 |   7 |   73.6 |
      Tartarus |   1066 |   1012 |     54 |    108 |    379 |   7 |  152.3 |
           Zot |    768 |    752 |     16 |    155 |    137 |   5 |  153.6 |
         Abyss |    406 |    406 |      0 |      3 |    237 |   4 |  101.5 |
   Pandemonium |   4031 |   4031 |      0 |     88 |   2100 |  20 |  201.6 |
      Ziggurat |  10306 |  10306 |      0 |    411 |   5924 |  54 |  190.9 |
         Sewer |    267 |    267 |      0 |      0 |    212 |   1 |  267.0 |
        Bailey |   1325 |   1325 |      0 |      0 |   1027 |   1 | 1325.0 |
       Volcano |    706 |    706 |      0 |      0 |    506 |   1 |  706.0 |
    Desolation |   2374 |   2374 |      0 |    146 |   1746 |   1 | 2374.0 |
      Gauntlet |    693 |    693 |      0 |     24 |    424 |   1 |  693.0 |
               +--------+--------+--------+--------+--------+-----+--------+

Top non-repeatable levels by time:
  Lair:5: 3072 daAuts
Vaults:5: 2955 daAuts
     D:9: 2719 daAuts
   Orc:2: 2597 daAuts
Spider:3: 2585 daAuts
 Crypt:3: 2447 daAuts
Vaults:2: 2446 daAuts
   Elf:2: 2440 daAuts
Depths:4: 2417 daAuts
Desolation: 2374 daAuts
Depths:3: 2355 daAuts
     D:8: 2252 daAuts
    D:15: 2170 daAuts
Depths:1: 2145 daAuts
Depths:2: 2082 daAuts
